 Dungeon Crawl Stone Soup version 0.32-a0-163-g159c032296 (webtiles) character file.

Game seed: 14854769552865878088

1514635 particleface the Sorcerer (level 27, 134/185 HPs)
             Began as a Djinni Alchemist on Feb 11, 2024.
             Was the Champion of Ashenzari.
             Escaped with the Orb
             ... and 3 runes on Feb 12, 2024!
             The game lasted 04:52:28 (86378 turns).

particleface the Sorcerer (Djinni Alchemist)       Turns: 86378, Time: 04:52:28

Health: 134/185    AC: 26    Str:  9    XL:     27
Gold:   5844       EV: 19    Int: 27    God:    Ashenzari [******] SH:  6 Dex: 12

rFire   + + .        a - +9 hand cannon "Cursed Together" {flame, Fort, Dev} (curse)
rCold   + . .        L - +1 buckler "Esoteric Relativism" {AC+3, Cun, Elem} (curse)
rNeg    . . .        b - +5 ring mail "Suspicion of Ashenzari" {rC+, Fort, Sorc} (curse)
rPois   ∞            J - +2 helmet "Share My Idealism" {Self, Sorc} (curse)
rElec   +            r - +2 cloak of the Enlightened Sky {Will+, Self, Melee} (curse)
rCorr   +            q - +2 pair of gloves of Apeoromancy {Bglg, Elem} (curse)
SInv    +            (boots unavailable)
Will    ++++.        V - dreamshard necklace {Acrobat *Dream, Comp, Self} (curse)
Stlth   +            C - ring "Manifest Oracle" {rC+, rC+, Self, Bglg} (curse)
HPRegen 0.50/turn    W - ring of the Curse-Bearer {rElec rPois rCorr Dex-2 SInv, Cun, Elem} (curse)
MPRegen 0.00/turn

%: acrobat, clarity
@: flying, studying Staves
A: sickness immunity, fire resistance 2, cold vulnerability 1, float, innate
caster, HP casting, extra vitality 1, clumsy 1, deformed body, frail 1,
strong-willed 1
0: Orb of Zot
}: 3/15 runes: decaying, serpentine, slimy
a: Renounce Religion, Shatter the Chains


You escaped.
You worshipped Ashenzari.
Ashenzari was exalted by your worship.
You visited 13 branches of the dungeon, and saw 56 of its levels.
You visited 1 ziggurat, and saw 8 of its levels.
You also visited: Trove, Bailey, Gauntlet and Wizlab.

You collected 9128 gold pieces.
You spent 3284 gold pieces at shops.

Inventory:

Hand Weapons
 a - the cursed +9 hand cannon "Cursed Together" (weapon) {flame, Fort, Dev}
   (You acquired it on level 3 of the Elven Halls)

   It has a curse which improves the following skills: Fortitude: Armour and
   Shields.
   Devices:   Evocations and Shapeshifting.
 n - the +7 dire flail of Massacring {drain, rPois Str+3 Dex-4}
   (You found it on level 8 of a ziggurat)

   Str+3:     It affects your strength (+3).
   Dex-4:     It affects your dexterity (-4).
   rPois:     It protects you from poison
Missiles
 o - 3 throwing nets {=f, !d}
 z - 14 curare-tipped darts
Armour
 b - the cursed +5 ring mail "Suspicion of Ashenzari" (worn) {rC+, Fort, Sorc}
   (You found it on level 4 of the Snake Pit)

   It has a curse which improves the following skills: Fortitude: Armour and
   Shields.
   Sorcery:   Conjurations and Alchemy.
 q - the cursed +2 pair of gloves of Apeoromancy (worn) {Bglg, Elem}
   (You found it on level 3 of the Dungeon)

   It has a curse which improves the following skills: Beguiling: Hexes and
   Translocations.
   Elements:  Fire Magic, Ice Magic, Air Magic and Earth Magic.
 r - the cursed +2 cloak of the Enlightened Sky (worn) {Will+, Self, Melee}
   (You found it in a bailey)

   It has a curse which improves the following skills: Introspection: Fighting
   and Spellcasting.
   Melee Combat: Short Blades, Long Blades, Axes, Maces & Flails, Polearms,
   Staves and Unarmed Combat.
 D - the +2 robe "Vubb" {Str+2 Int+2 Stlth+}
   (You took it off Boris on level 4 of the Depths)

   Str+2:     It affects your strength (+2).
   Int+2:     It affects your intelligence (+2).
   Stlth+:    It makes you more stealthy.
 F - a +1 buckler of poison resistance
   (You took it off a tengu reaver on level 4 of the Depths)
 J - the cursed +2 helmet "Share My Idealism" (worn) {Self, Sorc}
   (You found it on level 2 of the Lair of Beasts)

   It has a curse which improves the following skills: Introspection: Fighting
   and Spellcasting.
   Sorcery:   Conjurations and Alchemy.
 L - the cursed +1 buckler "Esoteric Relativism" (worn) {AC+3, Cun, Elem}
   (You took it off a tengu reaver on level 15 of the Dungeon)

   It has a curse which improves the following skills: Cunning: Dodging and
   Stealth.
   Elements:  Fire Magic, Ice Magic, Air Magic and Earth Magic.
 U - a +1 cloak of stealth
   (You took it off a draconian monk on level 3 of the Realm of Zot)
Jewellery
 c - a ring of wizardry {wiz+}
   (You found it on level 2 of the Crypt)
 i - the ring "Cuiqom" {rPois rC+ Slay+2}
   (You found it on level 3 of the Crypt)

   [ring of poison resistance]

   Slay+2:    It affects your accuracy & damage with ranged weapons and melee
   (+2).
   rC+:       It protects you from cold.
   rPois:     It protects you from poison
 C - the cursed ring "Manifest Oracle" (left hand) {rC+, rC+, Self, Bglg}
   (You took it off a deep elf demonologist on level 3 of the Elven Halls)

   [ring of protection from cold]

   rC+:       It protects you from cold.
   It has a curse which improves the following skills: Introspection: Fighting
   and Spellcasting.
   Beguiling: Hexes and Translocations.
 H - a +4 ring of slaying
   (You found it on level 5 of the Lair of Beasts)
 R - the ring "Fido" {Fly Will++ Slay+2}
   (You found it on level 4 of the Realm of Zot)

   [ring of flight]

   Slay+2:    It affects your accuracy & damage with ranged weapons and melee
   (+2).
   Will++:    It greatly increases your willpower.
   Fly:       It grants you flight.
 V - the cursed dreamshard necklace (around neck) {Acrobat *Dream, Comp, Self}
   (You found it in a treasure trove)

   [amulet of the acrobat]

   *Dream:    It absorbs a single lethal wound into itself, holding its wearer
   just short of death and releasing dream-creatures to guard them.
   Acrobat:   It increases your evasion while moving and waiting.
   It has a curse which improves the following skills: Companions: Summonings
   and Necromancy.
   Introspection: Fighting and Spellcasting.
 W - the cursed ring of the Curse-Bearer (right hand) {rElec rPois rCorr Dex-2 SInv, Cun, Elem}
   (You found it in a treasure trove)

   [ring of see invisible]

   Dex-2:     It affects your dexterity (-2).
   rElec:     It insulates you from electricity.
   rPois:     It protects you from poison SInv: It lets you see invisible.
   rCorr:     It protects you from acid and corrosion.
   It has a curse which improves the following skills: Cunning: Dodging and
   Stealth.
   Elements:  Fire Magic, Ice Magic, Air Magic and Earth Magic.
 X - a +6 ring of intelligence
   (You found it on level 1 of the Depths)
 Z - the ring "Ogrey" {rF+ rN+ Str+2}
   (You took it off a deep elf death mage on level 3 of the Elven Halls)

   [ring of positive energy]

   Str+2:     It affects your strength (+2).
   rF+:       It protects you from fire.
   rN+:       It protects you from negative energy.
Wands
 d - a wand of paralysis (78)
   (You found it on level 3 of the Lair of Beasts)
 j - a wand of iceblast (58)
   (You found it on level 5 of the Lair of Beasts)
 m - a wand of digging (16)
   (You bought it in a shop on level 12 of the Dungeon)
 y - a wand of quicksilver (26)
   (You found it on level 2 of the Snake Pit)
 B - a wand of mindburst (10)
   (You found it on level 2 of the Realm of Zot)
Scrolls
 g - 5 scrolls of vulnerability {!r!r}
 p - 11 scrolls of poison
 t - 9 scrolls of immolation {!r}
 u - 14 scrolls of teleportation {!r!d, @r3}
 w - 10 scrolls of enchant weapon
 x - 2 scrolls of enchant armour
 N - 5 scrolls of fear
 Q - 3 scrolls of silence
Potions
 e - 10 potions of mutation {!q}
 f - a potion of cancellation
 k - 14 potions of might
 l - 17 potions of curing {@q1, !d}
 v - 4 potions of invisibility
 A - 3 potions of berserk rage {!q}
 G - 2 potions of magic
 I - 7 potions of enlightenment
 M - 6 potions of brilliance
 O - 2 potions of resistance
 T - a potion of lignification {!q}
Miscellaneous
 K - a sack of spiders
   (You found it on level 4 of the Snake Pit)


   Skills:
 - Level 21.7(27) Fighting
 - Level 18.0 Ranged Weapons
 + Level 16.4(19.8) Armour
 - Level 23.8(27) Dodging
 - Level 2.0(4.6) Stealth
 - Level 4.0(7.2) Shields
 - Level 24.1(27) Spellcasting
 - Level 24.1(27) Conjurations
 - Level 24.1(27) Hexes
 - Level 24.1(26.2) Summonings
 - Level 24.1(26.2) Necromancy
 - Level 24.1(27) Translocations
 - Level 24.1(27) Fire Magic
 - Level 24.1(27) Ice Magic
 - Level 24.1(27) Air Magic
 - Level 24.1(27) Earth Magic
 - Level 24.1(27) Alchemy
 - Level 3.0(5.1) Evocations


You knew the following spells:

 Your Spells              Type           Power      Damage    Failure   Level
a - Sting                 Conj/Alch      100%       1d9       0%          1
b - Mercury Vapours       Alch/Air       100%       N/A       0%          2
c - Olgreb's Toxic Radia  Alch           100%       N/A       0%          4
d - Sticky Flame          Fire/Alch      100%       2d15      0%          4
e - Necrotise             Necr           100%       1d9       0%          1
f - Lesser Beckoning      Tloc           100%       N/A       0%          2
g - Summon Blazeheart Go  Fire/Summ      100%       N/A       0%          4
h - Borgnjor's Vile Clut  Necr/Erth      55%        N/A       0%          5
i - Sculpt Simulacrum     Ice/Alch       55%        N/A       0%          6
j - Fireball              Conj/Fire      55%        3d21      0%          5
k - Death Channel         Necr           54%        N/A       0%          6
l - Infestation           Necr           54%        N/A       1%          8
m - Shatter               Erth           55%        3d41*     3%          9
n - Spellforged Servitor  Conj/Summ      55%        N/A       1%          7
o - Polar Vortex          Ice            55%        12d7*     3%          9
x - Mephitic Cloud        Conj/Alch/Air  100%       N/A       0%          3
B - Blink                 Tloc           100%       N/A       0%          2
R - Borgnjor's Revivific  Necr           54%        N/A       1%          8
Your spell library was empty.

Dungeon Overview and Level Annotations

Branches:
Dungeon (15/15)            Temple (1/1) D:7            Lair (5/5) D:9
  Swamp (4/4) Lair:3        Snake (4/4) Lair:2        Slime (5/5) Lair:5
    Orc (2/2) D:12            Elf (3/3) Orc:2        Vaults (4/5) D:14
  Crypt (3/3) Vaults:3       Tomb (0/3) Crypt:3      Depths (4/4) D:15
   Hell (visited)             Zot (5/5) Depths:4     Bailey (visited)
 WizLab (visited)         Gauntlet (visited)
    Dis: Hell:1         Geh: Hell:1         Coc: Hell:1         Tar: Hell:1

Altars:
Ashenzari
Cheibriados
Dithmenos
Elyvilon
Fedhas
Gozag
Hepliaklqana
Makhleb
Nemelex Xobeh
Okawaru
Qazlal
Ru
Trog
Uskayaw
Wu Jian
Xom
Yredelemnul
Zin
The Shining One
Jiyva

Shops:
D:12 *   Orc:2 (?[(   Elf:3 :(   Snake:1 [*!   Snake:2 (   Snake:3 (
Vaults:1 [   Depths:1 :==   Depths:4 (

Portals:
Hell: Depths:1 Depths:2 Depths:3 Depths:4
Abyss: Depths:3 Depths:4
Pandemonium: Depths:2

Annotations:
D:3 1 runed translucent door, Crazy Yiuf
Snake:4 6 transporters
Depths:4 2 transporters
Zot:3 exclusion: door
Zot:5 1 transporter


Innate Abilities, Weirdness & Mutations

You are immune to sickness and miasma.
You are immune to poison.
Your flesh is very heat resistant. (rF++)
You are vulnerable to cold. (rC-)
You float through the air rather than walking.
You learn spells naturally, not from books.
Your magical power is your life essence.
You have superior vitality. (+4 MHP)
You are clumsy. (Dex -2)
Armour fits poorly on your strangely shaped body.
You are frail. (-10% HP)
You are strong-willed. (Will+)


Message History

You feel yourself slow down.
You regained 6 hp, and now have 60/185 hp.
Unknown command.
You start resting.
You feel less invigorated.
The winds around you start to calm down.
You feel less confused.
You regained 3 hp, and now have 63/185 hp.
Unknown command.
You start resting.
The winds around you calm down.
You sense a monster nearby.
You regained 6 hp, and now have 69/185 hp.
You are confused.
You feel invigorated.
You regained 6 hp, and now have 75/185 hp.
You start resting.
You feel less invigorated.
You feel less confused.
You regained 9 hp, and now have 84/185 hp.
You fly upwards.
There is a stone staircase leading down here.
There is a stone staircase leading up here.
You are confused.
You feel invigorated.
You regained 4 hp, and now have 91/185 hp.
You start resting.
You feel less invigorated.
You feel less confused.
You regained 10 hp, and now have 101/185 hp.
You are confused.
You feel invigorated.
You regained 6 hp, and now have 107/185 hp.
You start resting.
You feel less invigorated.
You feel less confused.
You regained 10 hp, and now have 117/185 hp.
Unknown command.
You are confused.
You feel invigorated.
You regained 5 hp, and now have 122/185 hp.
You start resting.
A daeva comes into view.
It is wielding a +2 scimitar of holy wrath.
You regained 28 hp, and now have 150/185 hp.
You fly upwards.
You feel less invigorated.
You feel less confused.
There is a stone staircase leading down here.
You regained 12 hp, and now have 162/185 hp.
You see here a +0 leather armour. 2 hell hounds come into view.
The hell hound moves out of view. x2
Aiming: Dig
Press: ? - help, Shift-Dir - straight line A rock wall.
This square is covered in magical glow.
The rock shatters into small pieces.
A Brimstone Fiend comes into view.
Unknown command.
The dungeon rumbles!
You kill the hell hound!
Ka-crash!
The Brimstone Fiend gestures at you.
The sphere of damnation explodes!
The damnation engulfs you!!!
The hell hound barks!
You hear a bark!
You take 44 damage, and have 125/185 hp.
MASSIVE DAMAGE!!
Unknown command.
Aiming: Dig
Press: ? - help, Shift-Dir - straight line A rock wall.
This square is covered in magical glow.
The rock shatters into small pieces.
Okay, then.
Aiming: Dig
Press: ? - help, Shift-Dir - straight line A rock wall.
This square is covered in magical glow.
The rock shatters into small pieces.
Okay, then.
The hell hound misses you. The hell hound completely misses you.
The hell hound attacks as it pursues you!
The hell hound closely misses you. The hell hound completely misses you.
The hell hound attacks as it pursues you!
The hell hound bites you but does no damage.
There is a huge open gate here.
The hell hound closely misses you.
Really read
u - 14 scrolls of teleportation {!r!d, @r3}? [Y]es or [N]o only, please.
Really read
u - 14 scrolls of teleportation {!r!d, @r3}?
Okay, then.
Unknown command.
Really read
h - a scroll of blinking {!r!d}?
Blink to where?
Press: ? - help, Dir - move target
As you read the scroll of blinking {!r!d}, it crumbles to dust.
The kobold shouts!
The kobold shouts!
There is a staircase leading out of the dungeon here.
You have escaped!

#..##.#..).######.#####.## ##.#
###..#...#.#÷##.......##.## ##.
.....>.....#.##.###.#.##..## ##.#
.............÷..# #.#.##.#.###.##
#######.##.#.######.#.##.##.#....
###.........[...........#.#.##
#.......................#.####
####.#..#################........
........#≈§§§§≈≈@≈≈≈§≈≈≈#...#####
#####...#≈≈§§§≈§.≈≈≈≈§§≈#...# #
#..[#≈≈§≈§......≈≈§≈#...# #
#...#≈§§..........≈≈#...# #
#...#≈.......h....§§#..## #
#...#≈............§≈#..# #
#...###..ß.###.ß..###..######
#...#K#...........#K#........
##..#######''{#######.†......


You could see a hell hound and 2 kobolds.

Vanquished Creatures
  the Royal Jelly (Slime:5)
  2 dread liches (Zot:5)
  2 ancient liches (Zot:5)
  3 orbs of fire (Zot:5)
  2 royal mummies (Zig:8)
  Vv (Depths:4)
  Boris (Depths:4)
  the Lernaean hydra (Swamp:4)
  3 Killer Klowns (Zot:5)
  Bai Suzhen (Depths:2)
  2 curse toes (Zot:5)
  A Head Instructor (WizLab)
  8 golden dragons (Depths:4 Zot:1 Zot:2 Zot:3 Zot:5)
  A caustic shrike (Depths:1)
  A profane servitor (Crypt:3)
  3 bone dragons (Depths:4 Crypt:3)
  2 doom hounds (Zot:5)
  2 electric golems (Zot:1 Zot:5)
  Jorgrun (Swamp:2)
  11 Orb Guardians (Zot:5 D:14 D:13 D:3)
  4 liches (Vaults:4 Depths:1 Crypt:3 Depths:4)
  Asterion (Depths:2)
  2 deep elf blademasters (Elf:3)
  14 tentacled monstrosities (Depths:2 Depths:4 Zot:1 Zot:2 Zot:3)
  2 titans (Vaults:4 Zig:7)
  Mlioglotl (Swamp:1)
  A shard shrike skeleton (Hell)
  3 deep elf master archers (Elf:3 Zig:6)
  The ghost of Ogit the Rich, an adept GnGl of Gozag (Lair:2)
  A walking divine tome (Depths:4)
  6 quicksilver dragons (Depths:3 WizLab Zot:2 Zot:5)
  An Executioner (D:4)
  14 acid blobs (Slime:3 Slime:5 Zig:3 Zot:2 Zot:1)
  A sphinx (Vaults:4)
  3 ancient champions (Vaults:3 Crypt:2 Hell)
  7 death cobs (Depths:4 Zot:1 Zot:3 Zot:5)
  4 shadow dragons (Vaults:4 Depths:2 Depths:4 Zot:2)
  2 thorn hunters (Swamp:2 Swamp:3)
  Gastronok (D:11)
  4 storm dragons (Zot:2 Zot:5)
  5 tengu reavers (D:15 Vaults:4 WizLab Depths:4)
  8 rockslimes (Slime:5 Slime:4)
  Donald (Vaults:3)
  2 azure jellies (Slime:5)
  A fenstrider witch (Swamp:4)
  A protean progenitor (Zot:5)
  2 fire giants (Depths:3 Depths:4)
  4 draconian knights (Depths:4 Zot:2)
  5 draconian monks (Zot:2 Zot:3 Zot:4)
  4 nagarajas (Snake:3 Snake:4)
  2 draconian shifters (Zot:2)
  6 deep elf sorcerers (Elf:1 Elf:2 Elf:3 Depths:3)
  4 vault wardens (Vaults:1 Vaults:2 Vaults:3)
  7 frost giants (D:15 Depths:1 Depths:2)
  2 ghost moths (Zot:5)
  A juggernaut zombie (Crypt:3)
  5 draconian scorchers (Depths:4 Zot:2 Zot:3)
  2 balrugs (Depths:2 Hell)
  11 ghouls (Swamp:4 Crypt:2 Crypt:3)
  2 orc warlords (Orc:2 Vaults:1)
  4 curse skulls (Crypt:1 Crypt:3)
  A spriggan defender (Depths:3)
  2 draconian annihilators (Zot:2)
  A caustic shrike zombie (Crypt:3)
  8 very ugly things (Snake:1 Depths:3 Depths:4)
  3 draconian stormcallers (Depths:4 Zot:2)
  7 quicksilver oozes (Slime:5 Slime:4)
  3 stone giants (D:15 Depths:2 Depths:4)
  12 ironbound preservers (Vaults:1 Vaults:2 Vaults:3 Vaults:4)
  4 reapers (Hell)
  5 green draconians (Depths:4 Zot:1 Zot:2)
  6 vampire knights (WizLab Depths:4 Crypt:1 Crypt:2)
  4 deep elf demonologists (Elf:3)
  7 ironbound thunderhulks (Vaults:1 Vaults:2 Vaults:3 Vaults:4)
  6 black draconians (Depths:4 Zot:1)
  5 deep elf death magi (Elf:3 Crypt:1)
  5 eleionomae (Swamp:1 Swamp:3 Swamp:4)
  6 red draconians (Depths:4 Zot:1 Zot:2 Zot:4)
  13 yellow draconians (Depths:4 Zot:2)
  4 bunyips (Swamp:1 Swamp:3)
  8 dire elephants (D:15 Vaults:1 Vaults:2)
  5 purple draconians (Depths:4 Zot:2 Zot:5)
  5 war gargoyles (Vaults:3 Vaults:4 Depths:1)
  7 deep elf annihilators (Elf:3 Vaults:1 Zig:6)
  A minotaur (Gauntlet)
  A white draconian (Zot:3)
  8 eidola (Crypt:1 Crypt:2 Crypt:3)
  A spark wasp (Zig:7)
  2 blizzard demons (Depths:1 Hell)
  A crystal guardian (Vaults:4)
  Josephine (Lair:5)
  3 mummy priests (Crypt:3 Zig:5 Zig:8)
  5 ettins (Vaults:4 Depths:1 Depths:2 Zig:2 Depths:4)
  3 yaktaur captains (Vaults:1 Vaults:4)
  7 great orbs of eyes (Vaults:1 Vaults:3 Vaults:4 Slime:5)
  4 deep elf high priests (Elf:2 Elf:3 Zig:6)
  3 jiangshi (Crypt:1)
  20 hydras (Lair:3 Lair:4 Lair:5 D:14 D:15)
  2 rakshasas (Depths:1 Depths:3)
  4 salamander tyrants (Snake:4 Depths:1)
  Erolcha (D:12)
  6 spriggan zombies (Crypt:3 Zig:5)
  A hell beast (Depths:1)
  A peacekeeper (Vaults:3)
  5 ice dragons (Depths:1 Depths:3 Hell)
  An entropy weaver (Vaults:1)
  7 spriggan air magi (WizLab Depths:4 Zig:7)
  3 vault guards (Vaults:1 Zig:1)
  2 ironbound frosthearts (Vaults:1 Vaults:3)
  4 boulder beetles (D:11 D:12 D:15 Vaults:1)
  A ghost crab (Swamp:2)
  2 ogre magi (D:14 WizLab)
  A quicksilver dragon skeleton (Crypt:2)
  7 alligators (Swamp:1 Swamp:2 Swamp:3 Zig:4)
  8 anacondas (Snake:1 Snake:3 Snake:4)
  8 centaur warriors (D:13 D:14 D:15 Vaults:2)
  5 death knights (Crypt:1 Crypt:3)
  A catoblepas (Lair:4)
  A deep troll earth mage (Depths:1)
  4 two-headed ogres (D:11 D:13 D:14)
  4 deep troll shamans (Depths:2 Depths:4)
  4 death yaks (Lair:4 Lair:5)
  3 tengu warriors (D:12 D:13 D:15)
  8 naga warriors (Snake:1 Snake:2 Snake:3 Snake:4)
  2 vampire magi (Vaults:3 WizLab)
  An orc high priest (Orc:1)
  26 dancing weapons (Elf:1 Elf:2 Elf:3 Zig:6)
  12 shock serpents (Snake:1 Snake:2 Snake:3 Snake:4 Zig:7)
  3 hell hogs (Hell)
  3 titan zombies (Depths:2 Crypt:3 Hell)
  4 occultists (D:15 Depths:1 Depths:3)
  Urug (Orc:1)
  15 hell knights (Depths:2 Depths:1 WizLab Hell Depths:4)
  7 naga sharpshooters (Snake:1 Snake:3 Snake:4)
  7 sun demons (Hell Depths:1)
  9 deep elf knights (Elf:2 Elf:3 Zig:6)
  6 soul eaters (Crypt:1 Depths:1)
  Sonja (Lair:4)
  3 skysharks (Lair:3 Lair:4 Depths:1)
  A fire crab (Gauntlet)
  2 shadow wraiths (Crypt:2 Crypt:1)
  A spectral spark wasp (Depths:1)
  18 skeletal warriors (D:14 Vaults:3 Crypt:2 Crypt:1 Crypt:3)
  4 salamander mystics (Snake:2 Snake:4 WizLab)
  7 goliath frogs (Lair:5 Swamp:1 Swamp:2 Swamp:3)
  7 sea snakes (Snake:1)
  7 swamp dragons (Swamp:4)
  3 iron trolls (Depths:4)
  8 mana vipers (Snake:1 Snake:2 Snake:4 WizLab)
  2 sixfirhies (Depths:2 D:15)
  A mana viper (shapeshifter) (D:14)
  5 flayed ghosts (Depths:2 Depths:3 Crypt:1 Crypt:2 Crypt:3)
  A death drake (Swamp:1)
  Lodul (D:11)
  4 deep elf archers (Elf:1 Elf:2 Elf:3)
  23 deep trolls (Vaults:1 Vaults:2 Vaults:3 Vaults:4 Depths:1)
  A glowing orange brain (Vaults:4)
  3 naga ritualists (Snake:2 Snake:3 Snake:4)
  A spriggan druid (Swamp:2)
  7 lindwurms (Snake:4 Vaults:2)
  A harpy (shapeshifter) (D:14)
  2 shadow demons (Hell)
  An orange crystal statue (Depths:1)
  8 bog bodies (Swamp:1 Swamp:3 Swamp:4 Crypt:2 Zig:4)
  14 deep elf pyromancers (D:13 Elf:1 Elf:2 Elf:3 Zig:6)
  6 necromancers (Gauntlet Vaults:2 Depths:2 Hell)
  20 phantasmal warriors (D:15 Vaults:3 Crypt:1 Crypt:3 Crypt:2)
  10 ironbound convokers (Vaults:1 Vaults:2 Vaults:3 Vaults:4)
  3 orc knights (Orc:1 Orc:2)
  26 ugly things (D:12 D:13 D:15 Snake:1 Vaults:4)
  21 deep elf zephyrmancers (Elf:1 Elf:2 Elf:3)
  2 harpies (Vaults:2)
  5 wolf spiders (Lair:2 Crypt:3)
  4 oklob plants (Lair:4 Lair:5 Zot:2)
  3 manticores (D:11 D:14 D:15)
  A fire giant zombie (Depths:2)
  A shining eye (Slime:5)
  15 moths of wrath (D:5 Depths:4 Zot:1 Zot:2 Zot:3)
  12 salamanders (Lair:2 D:15 Snake:1 Snake:2 Snake:3)
  3 cyclopes (D:12 D:13)
  4 will-o-the-wisps (Swamp:2 Swamp:4 Zig:4)
  2 frost giant skeletons (Depths:2 Zig:8)
  2 kobold blastminers (Orc:2)
  An alligator snapping turtle zombie (Crypt:3)
  7 guardian serpents (Snake:1 Snake:2 Snake:3 Snake:4)
  9 vault sentinels (Vaults:1 Vaults:2 Vaults:3 Vaults:4)
  17 elephants (Lair:4 Lair:5)
  A fire giant skeleton (Zig:5)
  11 naga magi (Snake:1 Snake:2 Snake:3 Snake:4)
  25 black mambas (Lair:1 Lair:2 Lair:3 Lair:5 Snake:1)
  6 gargoyles (Bailey D:10 D:11 D:12 D:13)
  4 torpor snails (Lair:1 Lair:2 Lair:3 Lair:5)
  A water nymph (shapeshifter) (Elf:1)
  An eye of devastation (Slime:4)
  23 cane toads (D:9 Lair:1 Lair:2 Lair:3 Lair:4)
  A yellow draconian zombie (Crypt:1)
  A steelbarb worm zombie (Crypt:1)
  Maggie (D:6)
  A kobold demonologist (D:13)
  5 rime drakes (Lair:3 Lair:4 Lair:5)
  Psyche (D:9)
  2 minotaur zombies (Gauntlet)
  An efreet (D:15)
  11 freezing wraiths (D:15 Crypt:1 Crypt:3)
  2 tengu conjurers (WizLab)
  An unseen horror skeleton (Crypt:2)
  13 komodo dragons (D:9 Lair:1 Lair:2 Lair:3 Lair:4)
  A red devil (Hell)
  2 tormentors (Depths:2 Depths:1)
  An ice devil (D:3)
  22 yaktaurs (D:15 Vaults:1 Vaults:2 Vaults:3 Vaults:4)
  5 guardian mummies (Crypt:3 Zig:5 Zig:8)
  9 polar bears (D:9 Lair:2 Lair:3 Lair:5)
  The ghost of mooti9 the Chopper, an amateur MiFi (D:4)
  A hydra zombie (Crypt:1)
  4 trolls (D:12 Orc:2)
  2 bloated husks (Swamp:1 Swamp:4)
  8 tyrant leeches (Lair:5 Swamp:1 Swamp:2)
  2 harpy zombies (Crypt:3)
  7 hornets (Swamp:2 Swamp:4 Depths:3 Depths:4)
  30 blink frogs (Lair:1 Lair:3 Lair:4 Lair:5)
  A glass eye (Zig:3)
  2 dream sheep (shapeshifter) (Elf:1 Vaults:4)
  50 slime creatures (Lair:2 D:13 D:14 D:15 Vaults:1)
  Prince Ribbit (Lair:3)
  2 jumping spiders (Crypt:3)
  2 vampires (Bailey D:8)
  4 air elementals (Elf:2 Elf:3 Zig:6 Zig:7)
  2 spriggan skeletons (Zig:5 Zig:8)
  8 spriggans (Swamp:2 Swamp:4 Depths:3 Depths:4)
  5 ushabtiu (Crypt:3 Zig:8)
  A shadow (D:10)
  16 wraiths (D:8 Lair:5 Lair:4 D:10 D:12)
  2 spriggans (shapeshifter) (D:8 Elf:1)
  A water elemental (Elf:2)
  4 wyverns (D:8 Lair:2 D:10)
  52 yaks (D:9 Lair:1 Lair:2 Lair:3 Lair:4)
  6 basilisks (Lair:1 Lair:2 Lair:5 D:14 D:15)
  3 fire bats (Gauntlet)
  5 fire elementals (Elf:1 Elf:2 Elf:3 Zig:6)
  6 wargs (D:12 Orc:1 Orc:2)
  An unseen horror simulacrum (D:9)
  An ice dragon skeleton (Hell)
  2 steam dragons (D:9)
  7 redbacks (Vaults:1 Crypt:3)
  19 vampire mosquitoes (D:8 Lair:5 D:11 D:12 Swamp:2)
  33 nagas (Lair:2 Snake:1 Snake:2 Snake:3 Snake:4)
  Menkaure (D:5)
  15 swamp worms (Swamp:1 Swamp:2 Swamp:3 Swamp:4)
  10 water moccasins (D:6 Lair:1 Lair:2 Lair:3 Lair:4)
  A naga zombie (Crypt:3)
  3 acid dragons (D:11 D:12)
  A two-headed ogre skeleton (Crypt:1)
  29 orc warriors (D:7 D:8 D:12 Orc:1 Orc:2)
  4 swamp drakes (Swamp:4)
  A hell hound (D:1)
  2 ice beasts (D:6 D:9)
  15 ogres (D:11 Orc:1 Orc:2)
  11 black bears (D:5 D:6 D:9 Lair:3)
  2 laughing skulls (Crypt:2)
  8 centaurs (D:7 D:8 D:9 D:11 D:12)
  2 boggarts (Vaults:2)
  36 wolves (D:9 Lair:1 Lair:2 Lair:4 Gauntlet)
  An ogre (shapeshifter) (Zig:2)
  15 bullfrogs (D:7 D:9 Lair:1 Lair:2 Lair:3)
  4 kobold brigands (D:8 D:10 D:11)
  A gnoll sergeant (D:8)
  3 scorpions (D:5 D:7 D:9)
  12 necrophages (Swamp:4 Crypt:2 Crypt:3)
  2 earth elementals (Elf:2)
  A komodo dragon skeleton (Crypt:1)
  A water moccasin skeleton (Crypt:1)
  4 wyvern skeletons (Crypt:3)
  4 wights (D:8 D:9)
  4 vampire bats (Bailey)
  A raiju skeleton (Crypt:1)
  A howler monkey (D:8)
  8 wolf zombies (Bailey)
  12 electric eels (D:9 Lair:4 D:15 Snake:1)
  2 hounds (D:5)
  A lava snake (D:8)
  A gnoll bouda (D:9)
  5 bombardier beetles (D:4 D:5)
  18 orc priests (D:5 D:7 D:8 Orc:1 Orc:2)
  15 jellies (Lair:2 Zot:2)
  2 iguanas (D:5 D:7)
  A sleepcap (D:6)
  25 orc wizards (D:5 D:6 D:7 D:8 D:10)
  Natasha (thrice) (D:3)
  8 hell rats (Hell)
  An acid dragon zombie (Crypt:2)
  A killer bee simulacrum (D:9)
  12 mummies (Crypt:3 Zig:5 Zig:8)
  3 adders (D:4 D:5)
  7 gnolls (D:8 D:9)
  5 white imps (D:5 D:9)
  A howler monkey simulacrum (D:9)
  5 ufetubi (D:6 D:9)
  A lava snake skeleton (Crypt:2)
  A dart slug (D:4)
  A ribbon worm (D:2)
  90 orcs (D:3 D:5 D:6 D:7 D:8)
  6 bats (D:1 D:3)
  9 endoplasms (D:1 D:2 D:3 D:4)
  A giant cockroach (D:1)
  8 goblins (D:1 D:2 D:3 D:4)
  6 hobgoblins (D:1 D:2 D:3 D:4)
  4 jackals (D:1)
  7 ball pythons (D:1 D:2 D:3 D:4)
  A ball python zombie (Crypt:1)
  A bombardier beetle zombie (Crypt:1)
  A frilled lizard (D:2)
  19 kobolds (D:1 D:2 D:3 D:4 D:10)
  15 orc zombies (Bailey)
  A quokka zombie (Crypt:2)
  10 rats (D:1 D:2 D:3 D:5)
  2 aspiring fleshes (Zot:5)
1847 creatures vanquished.

Vanquished Creatures (collateral kills)
  Geryon (Hell)
  3 golden dragons (Vaults:4 Depths:2 Depths:4)
  Norris (Depths:1)
  Nikola (Swamp:2)
  2 tentacled monstrosities (Vaults:2 Depths:3)
  A walking divine tome (Depths:2)
  Grunn (Zot:5)
  13 Orb Guardians (Zot:5)
  2 titans (Vaults:4)
  A sphinx (Vaults:3)
  15 acid blobs (Slime:1 Slime:3 Slime:4 Slime:5 Zot:2)
  2 tengu reavers (Vaults:4)
  3 storm dragons (Zot:2 Zot:3)
  2 fire giants (Depths:2 Depths:4)
  A shadow dragon (Zot:5)
  7 azure jellies (Slime:1 Slime:3 Slime:4 Slime:5)
  2 nagarajas (Snake:4)
  7 rockslimes (Slime:1 Slime:4 Slime:5)
  A draconian knight (Zot:1)
  A deep elf sorcerer (Elf:3)
  A revenant (Crypt:2)
  3 frost giants (Depths:2)
  6 vault wardens (Vaults:1 Vaults:2 Vaults:3 Vaults:4)
  2 orc warlords (Vaults:1 Vaults:4)
  A deep elf elementalist (Elf:3)
  4 ghouls (Swamp:4 Crypt:2 Crypt:3)
  5 quicksilver oozes (Slime:1 Slime:3 Slime:4 Slime:5)
  7 very ugly things (Depths:1 Depths:3 Depths:4)
  7 ironbound preservers (Vaults:1 Vaults:2 Vaults:4)
  2 spriggan defenders (Depths:2 Depths:3)
  An ironbound thunderhulk (Vaults:1)
  9 formless jellyfish (Slime:1 Slime:5)
  7 stone giants (Vaults:4 Depths:1 Depths:2 Depths:4)
  A vampire knight (Depths:2)
  A deep elf demonologist (Elf:3)
  3 deep elf annihilators (Elf:3)
  A purple draconian (Depths:4)
  2 deep elf death magi (Elf:3 Vaults:4)
  A demonspawn black sun (Zot:3)
  2 red draconians (Depths:4 Zot:4)
  3 bunyips (Swamp:2 Swamp:4)
  2 yellow draconians (Zot:2 Zot:4)
  4 black draconians (Zot:1 Zot:5)
  A war gargoyle (Vaults:1)
  9 dire elephants (Vaults:1 Vaults:2 Vaults:4)
  4 eidola (Crypt:2 Crypt:3)
  3 ettins (Vaults:4 Depths:1)
  4 vault guards (Vaults:1 Vaults:3)
  7 fire dragons (Depths:1 Depths:2 Depths:3 Depths:4)
  2 deep elf high priests (Elf:3 Vaults:2)
  3 great orbs of eyes (Slime:2 Slime:5)
  A rakshasa (Depths:4)
  An ogre mage (WizLab)
  5 ice dragons (Depths:1 Depths:2 Depths:3 Depths:4)
  A quicksilver dragon zombie (Crypt:2)
  A shambling mangrove (Swamp:2)
  2 yaktaur captains (Vaults:1)
  2 peacekeepers (Vaults:3 Vaults:4)
  A ghost crab (Swamp:3)
  3 hydras (Swamp:4)
  2 ironbound frosthearts (Vaults:1 Vaults:2)
  5 anacondas (Snake:4)
  2 spriggan air magi (Depths:1 WizLab)
  6 centaur warriors (Vaults:1 Vaults:2)
  2 alligators (Swamp:3)
  A death knight (Crypt:2)
  A dancing weapon (Elf:3)
  5 deep troll earth magi (Depths:1 Depths:2 Depths:4)
  4 naga warriors (Snake:1 Snake:2 Snake:3 Snake:4)
  A two-headed ogre (shapeshifter) (Vaults:3)
  A naga sharpshooter (Snake:1)
  5 deep troll shamans (Depths:1 Depths:2 Depths:4)
  3 spriggan berserkers (Depths:4)
  A titan zombie (Crypt:3)
  A hell knight (Depths:2)
  2 shock serpents (Snake:4)
  A soul eater (Depths:1)
  3 deep elf knights (Elf:1 Elf:2)
  6 skeletal warriors (Crypt:2 Crypt:3)
  2 spriggans (Swamp:2 Depths:4)
  A salamander mystic (WizLab)
  A skyshark (Depths:1)
  2 iron trolls (Depths:2 Depths:4)
  An arcanist (WizLab)
  A spriggan rider (Depths:3)
  A goliath frog (Swamp:3)
  31 deep trolls (Vaults:1 Vaults:2 Vaults:3 Vaults:4 Depths:1)
  7 swamp dragons (Swamp:4)
  2 bog bodies (Swamp:3 Crypt:2)
  12 mana vipers (Snake:4 WizLab)
  2 naga ritualists (Snake:4)
  A mana viper (shapeshifter) (Depths:4)
  2 phantasmal warriors (Vaults:4 Crypt:3)
  3 harpies (Vaults:2)
  A tengu zombie (Vaults:3)
  3 orc knights (Vaults:1 Vaults:4)
  10 ugly things (Snake:1 Vaults:4 Depths:1 Depths:2 Depths:4)
  3 ironbound convokers (Vaults:1 Vaults:4)
  2 deep elf pyromancers (Elf:2)
  2 deep elf zephyrmancers (Elf:2)
  3 necromancers (Vaults:3 Depths:2 WizLab)
  A salamander (Snake:3)
  A human zombie (Crypt:3)
  3 shining eyes (Slime:5)
  6 moths of wrath (Zot:1 Zot:2 Zot:3 Zot:5)
  3 will-o-the-wisps (Swamp:2 Swamp:3)
  An elephant (D:9)
  A guardian serpent (shapeshifter) (Depths:2)
  A fire giant skeleton (Vaults:3)
  4 black mambas (Snake:2 Snake:3 Snake:4)
  8 vault sentinels (Vaults:1 Vaults:2 Vaults:4)
  A black mamba (shapeshifter) (Depths:2)
  3 eyes of devastation (Slime:1 Slime:2 Slime:5)
  A torpor snail (shapeshifter) (Depths:2)
  2 naga magi (Snake:1 Snake:4)
  3 guardian serpents (Snake:3 Snake:4)
  11 yaktaurs (Vaults:1 Vaults:2 Vaults:3 Vaults:4)
  An orange demon (Zot:5)
  A komodo dragon (Lair:5)
  2 freezing wraiths (Vaults:4 Crypt:3)
  A golden dragon simulacrum (Depths:2)
  6 tengu conjurers (Depths:2 Depths:3 WizLab Depths:4)
  A harpy zombie (Crypt:3)
  A troll (D:9)
  5 hornets (Swamp:2 Depths:4)
  A tyrant leech (Swamp:3)
  A glass eye (Slime:4)
  70 slime creatures (D:14 Vaults:3 Slime:1 Slime:2 Slime:3)
  A water elemental (Elf:2)
  A yak (D:9)
  6 golden eyes (Slime:1)
  6 swamp worms (Swamp:2 Swamp:3 Swamp:4)
  5 nagas (Snake:1 Snake:3 Snake:4)
  A water moccasin (D:9)
  A human simulacrum (Vaults:3)
  3 swamp drakes (Swamp:2 Swamp:4)
  A spriggan simulacrum (Depths:2)
  3 orc warriors (D:8 Vaults:4)
  A laughing skull (Crypt:2)
  A lindwurm skeleton (Crypt:2)
  2 bullfrogs (D:9 Lair:5)
  6 necrophages (Swamp:4 Crypt:2 Crypt:3)
  2 wyvern skeletons (Crypt:3)
  2 wights (D:9)
  3 vampire bats (Bailey)
  A wolf zombie (Bailey)
  3 jellies (Lair:2 Zot:2)
  2 hell rats (Hell Depths:1)
  A tengu skeleton (Crypt:2)
  A white imp (D:7)
  2 orcs (Vaults:4)
  A jackal skeleton (Crypt:2)
  2 orc zombies (Bailey)
535 creatures vanquished.

Vanquished Creatures (others)
  Aizul (Lair:2)
  A yellow draconian (Zot:1)
  A skeletal warrior (Crypt:3)
  An ugly thing (Vaults:4)
  27 blazeheart cores (Bailey D:8 D:9 Lair:2 Lair:3)
  26 foxfires (Swamp:2 Swamp:3 Swamp:4)
57 creatures vanquished.

Grand Total: 2439 creatures vanquished

Notes
Turn   | Place    | Note
-------+----------+-------------------------------------------
     0 | D:1      | particleface the Djinni Alchemist began the quest for the
                  | Orb.
     0 | D:1      | particleface set off with the following spells memorised:
                  | Sting, Mercury Vapours, Mephitic Cloud, Olgreb's Toxic
                  | Radiance, Sticky Flame.
     0 | D:1      | Reached XP level 1. HP: 15/15 MP: 0/0
    59 | D:1      | Reached skill level 1 in Fighting
    65 | D:1      | Reached XP level 2. HP: 12/22 MP: 0/0
   234 | D:1      | Reached skill level 2 in Fighting
   622 | D:1      | Reached skill level 2 in Stealth
   622 | D:1      | Reached XP level 3. HP: 25/28 MP: 0/0
   622 | D:1      | Learned a level 1 spell: Necrotise
   767 | D:2      | Found a blossoming altar of Fedhas.
  1163 | D:2      | Found a faded altar of an unknown god.
  1539 | D:3      | Noticed Natasha
  1553 | D:3      | Reached XP level 4. HP: 19/33 MP: 0/0
  1555 | D:3      | Killed Natasha
  1555 | D:3      | HP: 16/33 [constriction (1)]
  1869 | D:3      | Found a snail-covered altar of Cheibriados.
  1885 | D:3      | Noticed Natasha
  1890 | D:3      | Killed Natasha
  1891 | D:3      | Reached skill level 4 in Spellcasting
  1891 | D:3      | Reached skill level 4 in Conjurations
  1891 | D:3      | Reached skill level 4 in Hexes
  1891 | D:3      | Reached skill level 4 in Summonings
  1891 | D:3      | Reached skill level 4 in Necromancy
  1891 | D:3      | Reached skill level 4 in Translocations
  1891 | D:3      | Reached skill level 4 in Fire Magic
  1891 | D:3      | Reached skill level 4 in Ice Magic
  1891 | D:3      | Reached skill level 4 in Air Magic
  1891 | D:3      | Reached skill level 4 in Earth Magic
  1891 | D:3      | Reached skill level 4 in Alchemy
  1891 | D:3      | Reached XP level 5. HP: 28/38 MP: 0/0
  1891 | D:3      | Learned a level 2 spell: Lesser Beckoning
  2109 | D:3      | Noticed Natasha
  2116 | D:3      | Killed Natasha
  2563 | D:3      | Found a runed translucent door.
  2564 | D:3      | Noticed Crazy Yiuf
  2910 | D:4      | Reached skill level 3 in Fighting
  3175 | D:4      | Found a large runed translucent door.
  3175 | D:4      | Found a large runed translucent door.
  3180 | D:4      | Noticed mooti9's ghost (amateur MiFi)
  3409 | D:5      | Entered Level 5 of the Dungeon
  3497 | D:5      | Reached XP level 6. HP: 43/46 MP: 0/0
  3509 | D:5      | HP: 16/46 [orc priest/divine providence (16)]
  3651 | D:5      | Reached skill level 5 in Spellcasting
  3651 | D:5      | Reached skill level 5 in Conjurations
  3651 | D:5      | Reached skill level 5 in Hexes
  3651 | D:5      | Reached skill level 5 in Summonings
  3651 | D:5      | Reached skill level 5 in Necromancy
  3651 | D:5      | Reached skill level 5 in Translocations
  3651 | D:5      | Reached skill level 5 in Fire Magic
  3651 | D:5      | Reached skill level 5 in Ice Magic
  3651 | D:5      | Reached skill level 5 in Air Magic
  3651 | D:5      | Reached skill level 5 in Earth Magic
  3651 | D:5      | Reached skill level 5 in Alchemy
  3979 | D:5      | Reached XP level 7. HP: 42/50 MP: 0/0
  3979 | D:5      | Learned a level 2 spell: Blink
  4107 | D:5      | Found a sacrificial altar of Ru.
  4160 | D:5      | Noticed Menkaure
  4393 | D:5      | Reached skill level 6 in Spellcasting
  4393 | D:5      | Reached skill level 6 in Conjurations
  4393 | D:5      | Reached skill level 6 in Hexes
  4393 | D:5      | Reached skill level 6 in Summonings
  4393 | D:5      | Reached skill level 6 in Necromancy
  4393 | D:5      | Reached skill level 6 in Translocations
  4393 | D:5      | Reached skill level 6 in Fire Magic
  4393 | D:5      | Reached skill level 6 in Ice Magic
  4393 | D:5      | Reached skill level 6 in Air Magic
  4393 | D:5      | Reached skill level 6 in Earth Magic
  4393 | D:5      | Reached skill level 6 in Alchemy
  4628 | D:6      | Reached XP level 8. HP: 44/56 MP: 0/0
  4702 | D:6      | Found a burning altar of Makhleb.
  4763 | D:6      | Found a glowing silver altar of Zin.
  4763 | D:6      | Noticed an angel
  4763 | D:6      | Noticed an Executioner
  4819 | D:6      | Noticed Maggie
  4827 | D:6      | Killed Maggie
  4828 | D:6      | Reached skill level 7 in Spellcasting
  4828 | D:6      | Reached skill level 7 in Conjurations
  4828 | D:6      | Reached skill level 7 in Hexes
  4828 | D:6      | Reached skill level 7 in Summonings
  4828 | D:6      | Reached skill level 7 in Necromancy
  4828 | D:6      | Reached skill level 7 in Translocations
  4828 | D:6      | Reached skill level 7 in Fire Magic
  4828 | D:6      | Reached skill level 7 in Ice Magic
  4828 | D:6      | Reached skill level 7 in Air Magic
  4828 | D:6      | Reached skill level 7 in Earth Magic
  4828 | D:6      | Reached skill level 7 in Alchemy
  5119 | D:6      | Found a hide-covered altar of Uskayaw.
  5120 | D:6      | Noticed a +0 hand axe
  5120 | D:6      | Noticed a +0 hand axe
  5242 | D:6      | Reached skill level 8 in Spellcasting
  5242 | D:6      | Reached skill level 8 in Conjurations
  5242 | D:6      | Reached skill level 8 in Hexes
  5242 | D:6      | Reached skill level 8 in Summonings
  5242 | D:6      | Reached skill level 8 in Necromancy
  5242 | D:6      | Reached skill level 8 in Translocations
  5242 | D:6      | Reached skill level 8 in Fire Magic
  5242 | D:6      | Reached skill level 8 in Ice Magic
  5242 | D:6      | Reached skill level 8 in Air Magic
  5242 | D:6      | Reached skill level 8 in Earth Magic
  5242 | D:6      | Reached skill level 8 in Alchemy
  5337 | D:7      | Reached XP level 9. HP: 35/60 MP: 0/0
  5337 | D:7      | Learned a level 4 spell: Summon Blazeheart Golem
  5501 | D:7      | Found a staircase to the Ecumenical Temple.
  5510 | Temple   | Entered the Ecumenical Temple
  5520 | Temple   | Became a worshipper of Ashenzari the Shackled
  5714 | D:7      | HP: 26/60 [centaur/arrow (8)]
  6059 | D:7      | Found a stormy altar of Qazlal.
  6314 | D:8      | Found a flagged portal.
  6332 | Bailey   | Entered a bailey
  6376 | Bailey   | Reached skill level 9 in Spellcasting
  6376 | Bailey   | Reached skill level 9 in Conjurations
  6376 | Bailey   | Reached skill level 9 in Hexes
  6376 | Bailey   | Reached skill level 9 in Summonings
  6376 | Bailey   | Reached skill level 9 in Necromancy
  6376 | Bailey   | Reached skill level 9 in Translocations
  6376 | Bailey   | Reached skill level 9 in Fire Magic
  6376 | Bailey   | Reached skill level 9 in Ice Magic
  6376 | Bailey   | Reached skill level 9 in Air Magic
  6376 | Bailey   | Reached skill level 9 in Earth Magic
  6376 | Bailey   | Reached skill level 9 in Alchemy
  6797 | Bailey   | Noticed a gargoyle
  6806 | Bailey   | Killed a gargoyle
  6807 | Bailey   | Reached skill level 10 in Spellcasting
  6807 | Bailey   | Reached skill level 10 in Conjurations
  6807 | Bailey   | Reached skill level 10 in Hexes
  6807 | Bailey   | Reached skill level 10 in Summonings
  6807 | Bailey   | Reached skill level 10 in Necromancy
  6807 | Bailey   | Reached skill level 10 in Translocations
  6807 | Bailey   | Reached skill level 10 in Fire Magic
  6807 | Bailey   | Reached skill level 10 in Ice Magic
  6807 | Bailey   | Reached skill level 10 in Air Magic
  6807 | Bailey   | Reached skill level 10 in Earth Magic
  6807 | Bailey   | Reached skill level 10 in Alchemy
  6850 | Bailey   | Identified the +6 sling of the Sneaky Scars {flame, Will-
                  | Str+3 Int+4}
  6928 | Bailey   | Found the +4 robe of Folly {Brill Will-∞ Int+8}
  6935 | Bailey   | Gained mutation: You sometimes lose your temper in combat.
                  | [potion of mutation]
  6935 | Bailey   | Gained mutation: Potions are less effective at restoring
                  | your health. [potion of mutation]
  6942 | Bailey   | HP: 26/60 [something (18)]
  6953 | Bailey   | Lost mutation: You sometimes lose your temper in combat.
                  | [potion of mutation]
  6953 | Bailey   | Lost mutation: Potions are less effective at restoring your
                  | health. [potion of mutation]
  6953 | Bailey   | Gained mutation: You are clumsy. (Dex -2) [potion of
                  | mutation]
  7119 | Bailey   | Reached skill level 4 in Fighting
  7119 | Bailey   | Reached XP level 10. HP: 43/67 MP: 0/0
  7233 | Bailey   | Identified the +5 chain mail of the Hippogriff {rC+}
  7361 | D:8      | Identified a scroll of acquirement
  7593 | D:8      | Reached * piety under Ashenzari
  7607 | D:8      | Reached skill level 5 in Fighting
  7662 | D:8      | Reached skill level 3 in Dodging
  7777 | D:8      | Reached skill level 6 in Fighting
  8163 | D:8      | Reached skill level 7 in Fighting
  8365 | D:8      | Reached skill level 8 in Fighting
  8623 | D:8      | Reached ** piety under Ashenzari
  8738 | D:9      | Found a shadowy altar of Dithmenos.
  8763 | D:9      | Reached skill level 9 in Fighting
  8792 | D:9      | Reached XP level 11. HP: 84/84 MP: 0/0
  8792 | D:9      | Learned a level 5 spell: Fireball
  9090 | D:9      | Noticed an elephant
  9099 | D:9      | Killed an elephant
  9100 | D:9      | Reached skill level 10 in Fighting
  9100 | D:9      | Reached skill level 4 in Dodging
  9127 | D:9      | Paralysed by a centaur for 3 turns
  9133 | D:9      | Paralysed by a centaur for 4 turns
  9134 | D:9      | Noticed Psyche
  9138 | D:9      | HP: 42/85 [polar bear (4)]
  9140 | D:9      | Reached skill level 5 in Dodging
  9144 | D:9      | Reached skill level 6 in Dodging
  9144 | D:9      | HP: 35/85 [Psyche/+0 dagger of chaos (3)]
  9150 | D:9      | Killed Psyche
  9362 | D:9      | Reached skill level 7 in Dodging
  9468 | D:9      | Reached *** piety under Ashenzari
  9570 | D:9      | Found a staircase to the Lair.
  9944 | D:9      | Reached skill level 8 in Dodging
  9999 | D:9      | Identified the +0 scale mail of Light {rPois}
 10225 | D:9      | HP: 35/85 [yak (10)]
 10390 | D:9      | Acquired 1151 gold pieces
 10434 | Lair:1   | Entered Level 1 of the Lair of Beasts
 10437 | Lair:1   | Reached skill level 9 in Dodging
 10556 | Lair:1   | Reached skill level 10 in Dodging
 10562 | Lair:1   | Reached XP level 12. HP: 90/91 MP: 0/0
 10580 | Lair:1   | Reached skill level 11 in Dodging
 10826 | Lair:1   | Reached skill level 12 in Dodging
 10955 | Lair:1   | Reached **** piety under Ashenzari
 11403 | Lair:1   | Reached skill level 13 in Dodging
 12059 | Lair:2   | Reached skill level 1 in Shields
 12082 | Lair:2   | Reached skill level 2 in Shields
 12121 | Lair:2   | Reached skill level 3 in Shields
 12159 | Lair:2   | Reached skill level 4 in Shields
 12166 | Lair:2   | Identified the +4 scale mail "Xofi" {rC+ Int+3 Dex+2}
 12170 | Lair:2   | Reached ***** piety under Ashenzari
 12255 | Lair:2   | Found a staircase to the Snake Pit.
 12259 | Lair:2   | Reached skill level 1 in Evocations
 12305 | Lair:2   | Reached skill level 2 in Evocations
 12319 | Lair:2   | Found a runed translucent gate.
 12319 | Lair:2   | Found a runed translucent gate.
 12321 | Lair:2   | Found a runed translucent gate.
 12323 | Lair:2   | Noticed Ogit's ghost (adept GnGl)
 12355 | Lair:2   | Reached skill level 3 in Evocations
 12357 | Lair:2   | Reached skill level 1 in Armour
 12361 | Lair:2   | Reached skill level 2 in Armour
 12361 | Lair:2   | Reached XP level 13. HP: 78/103 MP: 0/0
 12361 | Lair:2   | Learned a level 5 spell: Borgnjor's Vile Clutch
 12437 | Lair:2   | Reached skill level 3 in Armour
 12502 | Lair:2   | Reached skill level 4 in Armour
 12510 | Lair:2   | Reached skill level 5 in Armour
 13065 | Lair:2   | Found a viscous altar of Jiyva.
 13100 | Lair:2   | Killed Ogit's ghost
 13101 | Lair:2   | Reached skill level 7 in Armour
 13372 | Lair:3   | Identified the +0 ring mail "Serr" {Will+ rCorr Str+6
                  | Int-3}
 13407 | Lair:3   | Noticed Prince Ribbit
 13413 | Lair:3   | Killed Prince Ribbit
 13463 | Lair:3   | Reached skill level 8 in Armour
 13472 | Lair:3   | Noticed a seven-headed hydra
 13476 | Lair:3   | HP: 48/105 [seven-headed hydra (6)]
 13486 | Lair:3   | HP: 30/105 [polar bear (4)]
 13737 | Lair:3   | Killed a seven-headed hydra
 13916 | Lair:3   | Reached skill level 9 in Armour
 13966 | Lair:3   | Identified the ring "Qeiqekis" {^Contam rN++ SInv}
 14245 | Lair:3   | Reached skill level 10 in Armour
 14605 | Lair:3   | Found a staircase to the Swamp.
 15127 | Lair:4   | Noticed a catoblepas
 15131 | Lair:4   | Killed a catoblepas
 15131 | Lair:4   | Noticed Sonja
 15133 | Lair:4   | Killed Sonja
 15134 | Lair:4   | Reached XP level 14. HP: 68/112 MP: 0/0
 15257 | Lair:4   | Reached skill level 11 in Fighting
 16620 | Lair:5   | Entered Level 5 of the Lair of Beasts
 16627 | Lair:5   | Reached skill level 11 in Spellcasting
 16627 | Lair:5   | Reached skill level 11 in Conjurations
 16627 | Lair:5   | Reached skill level 11 in Hexes
 16627 | Lair:5   | Reached skill level 11 in Summonings
 16627 | Lair:5   | Reached skill level 11 in Necromancy
 16627 | Lair:5   | Reached skill level 11 in Translocations
 16627 | Lair:5   | Reached skill level 11 in Fire Magic
 16627 | Lair:5   | Reached skill level 11 in Ice Magic
 16627 | Lair:5   | Reached skill level 11 in Air Magic
 16627 | Lair:5   | Reached skill level 11 in Earth Magic
 16627 | Lair:5   | Reached skill level 11 in Alchemy
 16634 | Lair:5   | HP: 53/116 [cane toad (10)]
 17174 | Lair:5   | Noticed Josephine
 17187 | Lair:5   | Killed Josephine
 17596 | Lair:4   | Reached skill level 12 in Spellcasting
 17596 | Lair:4   | Reached skill level 12 in Conjurations
 17596 | Lair:4   | Reached skill level 12 in Hexes
 17596 | Lair:4   | Reached skill level 12 in Summonings
 17596 | Lair:4   | Reached skill level 12 in Necromancy
 17596 | Lair:4   | Reached skill level 12 in Translocations
 17596 | Lair:4   | Reached skill level 12 in Fire Magic
 17596 | Lair:4   | Reached skill level 12 in Ice Magic
 17596 | Lair:4   | Reached skill level 12 in Air Magic
 17596 | Lair:4   | Reached skill level 12 in Earth Magic
 17596 | Lair:4   | Reached skill level 12 in Alchemy
 18064 | Lair:5   | Reached XP level 15. HP: 96/121 MP: 0/0
 18064 | Lair:5   | Learned a level 6 spell: Sculpt Simulacrum
 18307 | Lair:5   | HP: 58/121 [elephant (2)]
 18309 | Lair:5   | Reached skill level 13 in Spellcasting
 18309 | Lair:5   | Reached skill level 13 in Conjurations
 18309 | Lair:5   | Reached skill level 13 in Hexes
 18309 | Lair:5   | Reached skill level 13 in Summonings
 18309 | Lair:5   | Reached skill level 13 in Necromancy
 18309 | Lair:5   | Reached skill level 13 in Translocations
 18309 | Lair:5   | Reached skill level 13 in Fire Magic
 18309 | Lair:5   | Reached skill level 13 in Ice Magic
 18309 | Lair:5   | Reached skill level 13 in Air Magic
 18309 | Lair:5   | Reached skill level 13 in Earth Magic
 18309 | Lair:5   | Reached skill level 13 in Alchemy
 18696 | Lair:5   | Identified the +8 mace of Zin's Favour {flame, rPois rF+
                  | rC+ Dex-2}
 18853 | Lair:5   | Identified the +1 ring mail of a Labyrinth {Regen+ Dex+5}
 18948 | Lair:5   | Found a staircase to the Slime Pits.
 19629 | D:5      | Killed Menkaure
 19655 | D:5      | Found a bloodstained altar of Trog.
 19820 | D:10     | Entered Level 10 of the Dungeon
 19932 | D:10     | Reached ****** piety under Ashenzari
 20506 | D:11     | Noticed Gastronok
 20511 | D:11     | Killed Gastronok
 20673 | D:11     | Reached skill level 14 in Spellcasting
 20673 | D:11     | Reached skill level 14 in Conjurations
 20673 | D:11     | Reached skill level 14 in Hexes
 20673 | D:11     | Reached skill level 14 in Summonings
 20673 | D:11     | Reached skill level 14 in Necromancy
 20673 | D:11     | Reached skill level 14 in Translocations
 20673 | D:11     | Reached skill level 14 in Fire Magic
 20673 | D:11     | Reached skill level 14 in Ice Magic
 20673 | D:11     | Reached skill level 14 in Air Magic
 20673 | D:11     | Reached skill level 14 in Earth Magic
 20673 | D:11     | Reached skill level 14 in Alchemy
 20675 | D:11     | Noticed Lodul
 20680 | D:11     | Killed Lodul
 21014 | D:12     | Found Gadwoof's General Store.
 21268 | D:12     | Bought a wand of digging (6) for 302 gold pieces
 21291 | D:12     | Found a staircase to the Orcish Mines.
 21390 | D:12     | Noticed Erolcha
 21393 | D:12     | Killed Erolcha
 22204 | Orc:1    | Entered Level 1 of the Orcish Mines
 22232 | Orc:1    | Noticed Urug
 22237 | Orc:1    | Killed Urug
 22599 | Orc:2    | Entered Level 2 of the Orcish Mines
 23177 | Orc:2    | Reached XP level 16. HP: 117/130 MP: 0/0
 23237 | Orc:2    | Reached skill level 15 in Spellcasting
 23237 | Orc:2    | Reached skill level 15 in Conjurations
 23237 | Orc:2    | Reached skill level 15 in Hexes
 23237 | Orc:2    | Reached skill level 15 in Summonings
 23237 | Orc:2    | Reached skill level 15 in Necromancy
 23237 | Orc:2    | Reached skill level 15 in Translocations
 23237 | Orc:2    | Reached skill level 15 in Fire Magic
 23237 | Orc:2    | Reached skill level 15 in Ice Magic
 23237 | Orc:2    | Reached skill level 15 in Air Magic
 23237 | Orc:2    | Reached skill level 15 in Earth Magic
 23237 | Orc:2    | Reached skill level 15 in Alchemy
 23388 | Orc:2    | Found Ychap's Antique Armour Boutique.
 23392 | Orc:2    | Found Gemul's Antique Weapon Shop.
 23482 | Orc:2    | Reached skill level 12 in Fighting
 23620 | Orc:2    | Found a staircase to the Elven Halls.
 23674 | Orc:2    | Found Zoifuimp's Weapon Boutique.
 23725 | Orc:2    | Found Konoff's Magic Scroll Boutique.
 23733 | Orc:2    | Bought a scroll of fog for 64 gold pieces
 23733 | Orc:2    | Bought a scroll of fog for 64 gold pieces
 23733 | Orc:2    | Bought a scroll of silence for 152 gold pieces
 23970 | Orc:2    | Bought a jewelled broad axe for 315 gold pieces
 23970 | Orc:2    | Identified the +3 broad axe of Pandemonium {freeze, Int+3}
                  | (You bought it in a shop on level 2 of the Orcish Mines)
 24558 | D:13     | Found a gate leading to a gauntlet.
 24567 | Gauntlet | Entered a Gauntlet
 24567 | Gauntlet | Found a transporter.
 24567 | Gauntlet | Found a transporter.
 24567 | Gauntlet | Found a transporter.
 24583 | Gauntlet | Found a transporter.
 24586 | Gauntlet | Found a transporter.
 24597 | Gauntlet | Found a transporter.
 24602 | Gauntlet | Found a transporter.
 24604 | Gauntlet | Identified the amulet of Ahikuh {Faith Harm rC- rCorr
                  | Str+3}
 24609 | Gauntlet | Found a transporter.
 24610 | Gauntlet | Identified the +6 arbalest of Pomariuca {speed, rElec
                  | Dex+2}
 24619 | Gauntlet | Found a large runed translucent door.
 24620 | Gauntlet | Found a large runed translucent door.
 24621 | Gauntlet | Found a large runed translucent door.
 24622 | Gauntlet | Found a runed translucent gate.
 24623 | Gauntlet | Found a transporter.
 24623 | Gauntlet | Found a runed translucent gate.
 24624 | Gauntlet | Found a runed translucent gate.
 24625 | Gauntlet | Found a large runed translucent door.
 24626 | Gauntlet | Found a large runed translucent door.
 24627 | Gauntlet | Found a large runed translucent door.
 24636 | Gauntlet | Found a large runed translucent door.
 24637 | Gauntlet | Found a large runed translucent door.
 24637 | Gauntlet | Found a large runed translucent door.
 24637 | Gauntlet | Found a runed translucent door.
 24638 | Gauntlet | Found a large runed translucent door.
 24639 | Gauntlet | Found a large runed translucent door.
 24641 | Gauntlet | Found a transporter.
 24645 | Gauntlet | Found a transporter.
 24655 | Gauntlet | Found a transporter.
 24709 | Gauntlet | Found a large runed translucent door.
 24710 | Gauntlet | Found a large runed translucent door.
 24711 | Gauntlet | Found a large runed translucent door.
 24711 | Gauntlet | Found a large runed translucent door.
 24711 | Gauntlet | Found a runed translucent door.
 24712 | Gauntlet | Found a large runed translucent door.
 24740 | Gauntlet | Reached skill level 1 in Ranged Weapons
 24911 | Gauntlet | Identified the +11 quarterstaff of the Mashing Gods
                  | {distort, Stlth+}
 24919 | Gauntlet | Reached skill level 2 in Ranged Weapons
 25308 | D:13     | Reached skill level 3 in Ranged Weapons
 25440 | D:13     | Reached skill level 4 in Ranged Weapons
 26096 | D:14     | Reached skill level 5 in Ranged Weapons
 26132 | D:14     | Found a portal to a secret trove of treasure.
 26517 | D:14     | Reached skill level 6 in Ranged Weapons
 26652 | D:14     | Found a sacrificial altar of Ru.
 26757 | D:14     | HP: 57/129 [six-headed hydra (8)]
 26944 | D:14     | Found a gate to the Vaults.
 27248 | D:15     | Entered Level 15 of the Dungeon
 27271 | D:15     | Reached skill level 7 in Ranged Weapons
 27628 | D:15     | Identified the amulet of Ukkeasm {Spirit rN+ Will+}
 27837 | D:15     | Noticed a tengu reaver
 27839 | D:15     | Noticed a frost giant
 27846 | D:15     | HP: 60/129 [tengu reaver/bolt of cold (17)]
 27847 | D:15     | Killed a tengu reaver
 27848 | D:15     | Reached skill level 8 in Ranged Weapons
 28122 | D:15     | Killed a frost giant
 28233 | D:15     | Found a staircase to the Depths.
 28464 | D:15     | Reached XP level 17. HP: 118/135 MP: 0/0
 28464 | D:15     | Learned a level 6 spell: Death Channel
 29091 | Snake:1  | Entered Level 1 of the Snake Pit
 29091 | Snake:1  | Identified the serpent talisman of Ru's Outrage {rC+}
 29091 | Snake:1  | Noticed Aizul
 29106 | Lair:2   | Killed Aizul
 29116 | Snake:1  | Reached skill level 9 in Ranged Weapons
 29238 | Snake:1  | HP: 67/135 [black mamba (1)]
 29549 | Snake:1  | Reached skill level 10 in Ranged Weapons
 29614 | Snake:1  | Found Wor Uboa's Distillery.
 29621 | Snake:1  | Bought a potion of brilliance for 72 gold pieces
 29621 | Snake:1  | Bought a potion of invisibility for 144 gold pieces
 29621 | Snake:1  | Bought a potion of heal wounds for 90 gold pieces
 29834 | Snake:1  | Found Tuticoic's Assorted Antiques.
 29841 | Snake:1  | Bought a buzzing plate armour for 644 gold pieces
 29841 | Snake:1  | Identified the +8 plate armour of Fimeaf {Int+2} (You
                  | bought it in a shop on level 1 of the Snake Pit)
 29841 | Snake:1  | Bought 2 scrolls of teleportation for 138 gold pieces
 29842 | Snake:1  | Bought a fine scale mail for 207 gold pieces
 29842 | Snake:1  | Identified the +1 scale mail of Anaesthesia {Harm rC+ Will-
                  | Str+2} (You bought it in a shop on level 1 of the Snake
                  | Pit)
 30014 | Snake:1  | Found Memest's Antique Armour Boutique.
 30345 | Snake:1  | HP: 63/135 [white ugly thing (3)]
 30346 | Snake:1  | HP: 29/135 [naga sharpshooter/bolt (15)]
 30620 | Snake:1  | Reached skill level 11 in Ranged Weapons
 30631 | Snake:1  | HP: 67/135 [naga sharpshooter/bolt (19)]
 32058 | Snake:2  | Reached skill level 12 in Ranged Weapons
 32346 | Snake:2  | Found Pilir's Antique Weapon Shoppe.
 32471 | Snake:2  | Found a glowing golden altar of the Shining One.
 33073 | Snake:3  | Reached XP level 18. HP: 101/145 MP: 0/0
 33641 | Snake:3  | Reached skill level 13 in Ranged Weapons
 33985 | Snake:3  | Found Iguv's Antique Weapon Boutique.
 34590 | Snake:4  | Entered Level 4 of the Snake Pit
 34701 | Snake:4  | Identified the +6 glaive "Bucean" {freeze, rN+ SInv}
 34716 | Snake:4  | HP: 69/145 [naga sharpshooter/arrow (21)]
 35124 | Snake:4  | Found a transporter.
 35126 | Snake:4  | Found a transporter.
 35185 | Snake:4  | Found a transporter.
 35209 | Snake:4  | Found a transporter.
 35210 | Snake:4  | Found a transporter.
 35211 | Snake:4  | Found a transporter.
 35980 | Snake:4  | Reached skill level 14 in Ranged Weapons
 36134 | Snake:4  | HP: 63/143 [salamander tyrant (20)]
 36473 | Snake:4  | Identified the +8 whip "Jismefa" {freeze, rPois Will++
                  | Int+3}
 36721 | Snake:4  | Reached skill level 13 in Fighting
 36861 | Snake:4  | Reached skill level 14 in Fighting
 36873 | Snake:4  | Reached XP level 19. HP: 98/155 MP: 0/0
 36873 | Snake:4  | Learned a level 7 spell: Spellforged Servitor
 37007 | Snake:4  | Got a serpentine rune of Zot
 37263 | Swamp:1  | Entered Level 1 of the Swamp
 37634 | Swamp:1  | Noticed Mlioglotl
 37642 | Swamp:1  | Killed Mlioglotl
 37643 | Swamp:1  | Reached skill level 14 in Dodging
 38081 | Swamp:2  | Noticed Nikola
 38089 | Swamp:2  | Killed Nikola
 38106 | Swamp:2  | HP: 74/156 [spriggan rider/+0 spear (9)]
 38495 | Swamp:2  | Reached skill level 15 in Dodging
 38655 | Swamp:2  | Noticed Jorgrun
 38664 | Swamp:2  | Killed Jorgrun
 39156 | Swamp:2  | HP: 76/156 [will-o-the-wisp (3)]
 39660 | Swamp:3  | Reached skill level 16 in Dodging
 40181 | Swamp:4  | Entered Level 4 of the Swamp
 40340 | Swamp:4  | Reached skill level 17 in Dodging
 40805 | Swamp:4  | Noticed the 27-headed Lernaean hydra
 40818 | Swamp:4  | Killed the 27-headed Lernaean hydra
 40819 | Swamp:4  | Reached XP level 20. HP: 137/162 MP: 0/0
 40905 | Swamp:4  | Reached skill level 18 in Dodging
 41124 | Swamp:4  | Got a decaying rune of Zot
 41559 | Elf:1    | Entered Level 1 of the Elven Halls
 42916 | Elf:2    | Paralysed by an air elemental for 1 turns
 42921 | Elf:2    | Paralysed by an air elemental for 1 turns
 42940 | Elf:2    | HP: 65/162 [deep elf archer/arrow[a deep elf high priest]
                  | (19)]
 43951 | Elf:2    | HP: 75/162 [+2 scimitar of holy wrath (8)]
 44384 | Elf:2    | Found a huge runed translucent gate.
 44384 | Elf:2    | Found a huge runed translucent gate.
 44384 | Elf:2    | Found a huge runed translucent gate.
 44384 | Elf:2    | Found a huge runed translucent gate.
 44385 | Elf:2    | Found a huge runed translucent gate.
 44428 | Elf:3    | Entered Level 3 of the Elven Halls
 44440 | Elf:3    | Found Joprogef's Antique Weapon Shop.
 44452 | Elf:3    | Bought a steaming hand cannon for 238 gold pieces
 44452 | Elf:3    | Identified the +0 hand cannon of Dixog {flame, rElec} (You
                  | bought it in a shop on level 3 of the Elven Halls)
 44852 | Elf:3    | Paralysed by an air elemental for 1 turns
 44857 | Elf:3    | Reached skill level 16 in Spellcasting
 44857 | Elf:3    | Reached skill level 16 in Conjurations
 44857 | Elf:3    | Reached skill level 16 in Hexes
 44857 | Elf:3    | Reached skill level 16 in Summonings
 44857 | Elf:3    | Reached skill level 16 in Necromancy
 44857 | Elf:3    | Reached skill level 16 in Translocations
 44857 | Elf:3    | Reached skill level 16 in Fire Magic
 44857 | Elf:3    | Reached skill level 16 in Ice Magic
 44857 | Elf:3    | Reached skill level 16 in Air Magic
 44857 | Elf:3    | Reached skill level 16 in Earth Magic
 44857 | Elf:3    | Reached skill level 16 in Alchemy
 44910 | Elf:3    | Found Ikhlottygu's Self-Published Books.
 45226 | Elf:3    | Identified the +4 war axe "Cocuy" {freeze, Int+4 Stlth+}
 45250 | Elf:3    | HP: 79/162 [deep elf blademaster/+0 rapier (13)]
 45256 | Elf:3    | Identified the ring of the Leaf {rF+ Str+3 Int+2 Dex-5}
 45258 | Elf:3    | HP: 37/159 [deep elf death mage/bolt of negative energy
                  | (7)]
 45258 | Elf:3    | Identified the ring "Ogrey" {rF+ rN+ Str+2}
 45263 | Elf:3    | HP: 50/159 [ghostly deep elf blademaster/+0 rapier (2)]
 45682 | Elf:3    | Identified the +1 chain mail "Raniug" {rC+ Int+4 Dex+3}
 45829 | Elf:3    | Identified the staff of Xeunk {rElec rN+ Air}
 45843 | Elf:3    | HP: 73/162 [deep elf annihilator/iron shot (43)]
 45887 | Elf:3    | Reached XP level 21. HP: 81/168 MP: 0/0
 45887 | Elf:3    | Learned a level 8 spell: Borgnjor's Revivification
 46118 | Elf:3    | Noticed a Brimstone Fiend
 46122 | Elf:3    | HP: 49/168 [???[a deep elf demonologist] (47)]
 46564 | Elf:3    | Reached skill level 17 in Spellcasting
 46564 | Elf:3    | Reached skill level 17 in Conjurations
 46564 | Elf:3    | Reached skill level 17 in Hexes
 46564 | Elf:3    | Reached skill level 17 in Summonings
 46564 | Elf:3    | Reached skill level 17 in Necromancy
 46564 | Elf:3    | Reached skill level 17 in Translocations
 46564 | Elf:3    | Reached skill level 17 in Fire Magic
 46564 | Elf:3    | Reached skill level 17 in Ice Magic
 46564 | Elf:3    | Reached skill level 17 in Air Magic
 46564 | Elf:3    | Reached skill level 17 in Earth Magic
 46564 | Elf:3    | Reached skill level 17 in Alchemy
 46582 | Elf:3    | Identified the +5 arbalest "Bops" {freeze, SInv}
 46600 | Elf:3    | Identified the Lessons on the Zephyr and Malisons
 46601 | Elf:3    | Identified Sophisticated Magic
 46623 | Elf:3    | Identified the Incunable of the Commander and Distance
 46686 | Elf:3    | Identified the +2 falchion of Lueddost {holy, Int+3}
 46847 | Elf:3    | Identified Sif Muna's Quarto of Kinetic Hermetica
 46851 | Elf:3    | Identified the staff of Termination {rC+ Int+2 Dex+3 Conj}
 46851 | Elf:3    | Identified the +3 leather armour "Jahuress" {+Blink Dex+3}
 47397 | Snake:1  | Bought a scroll of enchant armour for 172 gold pieces
 47397 | Snake:1  | Bought a potion of mutation for 184 gold pieces
 47397 | Snake:1  | Bought 2 potions of curing for 138 gold pieces
 47552 | Orc:2    | Bought 3 scrolls of enchant armour for 360 gold pieces
 47993 | Vaults:1 | Entered Level 1 of the Vaults
 48264 | Vaults:1 | Found Reli's Antique Armour Emporium.
 48370 | Vaults:1 | HP: 69/164 [ironbound thunderhulk/bolt of lightning (19)]
 48739 | Vaults:1 | HP: 72/164 [vault warden/+5 vampiric battleaxe (28)]
 48744 | Vaults:1 | HP: 46/164 [vault guard/+0 war axe[a vault warden] (17)]
 48745 | Vaults:1 | HP: 15/164 [ironbound frostheart[a vault warden] (29)]
 49831 | Vaults:1 | Reached skill level 18 in Spellcasting
 49831 | Vaults:1 | Reached skill level 18 in Conjurations
 49831 | Vaults:1 | Reached skill level 18 in Hexes
 49831 | Vaults:1 | Reached skill level 18 in Summonings
 49831 | Vaults:1 | Reached skill level 18 in Necromancy
 49831 | Vaults:1 | Reached skill level 18 in Translocations
 49831 | Vaults:1 | Reached skill level 18 in Fire Magic
 49831 | Vaults:1 | Reached skill level 18 in Ice Magic
 49831 | Vaults:1 | Reached skill level 18 in Air Magic
 49831 | Vaults:1 | Reached skill level 18 in Earth Magic
 49831 | Vaults:1 | Reached skill level 18 in Alchemy
 50265 | Vaults:1 | Identified the Folio of Bitter Imprecation
 50548 | Vaults:2 | Reached skill level 15 in Ranged Weapons
 50786 | Vaults:2 | Acquired a +2 hand cannon of flaming
 51359 | Elf:2    | HP: 80/161 [+1 glaive of protection (16)]
 51367 | Elf:2    | Reached XP level 22. HP: 86/167 MP: 0/0
 51375 | Elf:2    | HP: 71/167 [deep elf knight/arrow (15)]
 51668 | Elf:2    | HP: 75/167 [+2 executioner's axe of pain (21)]
 52137 | Elf:2    | Identified the blade talisman of Relativism {Str+2}
 52249 | Elf:2    | Reached skill level 16 in Ranged Weapons
 52959 | Vaults:2 | Reached skill level 11 in Armour
 53241 | Vaults:2 | Identified the +1 ring mail of Tulips {rPois Dex+2}
 53652 | Vaults:2 | HP: 54/167 [ironbound frostheart/creeping frost (40)]
 53656 | Vaults:2 | Reached skill level 12 in Armour
 53661 | Vaults:2 | HP: 34/167 [centaur warrior/arrow (15)]
 54028 | Vaults:2 | HP: 77/167 [deep elf high priest/divine providence (15)]
 54671 | Vaults:3 | Found a staircase to the Crypt.
 54696 | Vaults:3 | HP: 65/168 [vampire mage (10)]
 55004 | Vaults:3 | Reached skill level 15 in Fighting
 56069 | Vaults:3 | Noticed Donald
 56083 | Vaults:3 | Killed Donald
 56442 | Vaults:3 | Reached skill level 16 in Fighting
 56447 | Vaults:3 | Reached XP level 23. HP: 177/178 MP: 0/0
 56447 | Vaults:3 | Learned a level 8 spell: Infestation
 57103 | Vaults:4 | Noticed a golden dragon
 57103 | Vaults:4 | HP: 87/180 [phantasmal warrior (17)]
 57109 | Vaults:4 | Killed a golden dragon
 57334 | Vaults:4 | Reached skill level 17 in Fighting
 57346 | Vaults:4 | HP: 80/180 [war gargoyle/+1 great mace of holy wrath[a
                  | peacekeeper] (28)]
 57348 | Vaults:4 | HP: 28/180 [war gargoyle/+1 great mace of holy wrath[a
                  | peacekeeper] (30)]
 57994 | Vaults:4 | Identified the +10 halberd of a bailey {distort, +Blink
                  | rN+++ Int+3 Dex-4}
 58123 | Vaults:4 | Found the +27 heavy crossbow "Sniper" {heavy, Acc+∞ SInv}
 58598 | Depths:1 | Entered Level 1 of the Depths
 58615 | Depths:1 | Noticed a caustic shrike
 58627 | Depths:1 | Killed a caustic shrike
 58786 | Depths:1 | Noticed Norris
 58797 | Depths:1 | Killed Norris
 58896 | Depths:1 | HP: 81/182 [frost giant/bolt of cold (21)]
 58907 | Depths:1 | HP: 80/182 [deep troll (13)]
 58910 | Depths:1 | Reached skill level 17 in Ranged Weapons
 59083 | Depths:1 | Found Viseli's Jewellery Emporium.
 59084 | Depths:1 | Found Ejeoliku's Book Shop.
 59085 | Depths:1 | Found Juun's Jewellery Emporium.
 59115 | Depths:1 | HP: 89/182 [frost giant/bolt of cold (60)]
 59126 | Depths:1 | HP: 60/182 [hell beast (1)]
 59390 | Depths:1 | Found a gateway to Hell.
 59636 | Depths:1 | Found a one-way gateway to a ziggurat.
 59701 | Depths:1 | HP: 67/182 [war gargoyle/+2 morningstar of draining (30)]
 60055 | Depths:2 | Identified the +4 orcbow of Hubris {antimagic, Str+7}
 60174 | Depths:2 | Reached XP level 24. HP: 180/191 MP: 0/0
 60335 | Depths:2 | Noticed a golden dragon
 60342 | Depths:2 | Killed a golden dragon
 60343 | Depths:2 | Reached skill level 18 in Ranged Weapons
 60418 | Depths:2 | HP: 95/191 [??? (92)]
 60479 | Depths:2 | Reached skill level 19 in Dodging
 60487 | Depths:1 | HP: 91/191 [hell knight/+1 great sword of flaming (24)]
 60701 | Depths:2 | Noticed Asterion
 60712 | Depths:2 | Killed Asterion
 60910 | Depths:2 | Reached skill level 20 in Dodging
 60976 | Depths:2 | Found a white marble altar of Elyvilon.
 61099 | Depths:2 | Found a one-way gate leading to the halls of Pandemonium.
 61212 | Depths:2 | Noticed Bai Suzhen
 61229 | Depths:2 | HP: 91/191 [Bai Suzhen (18)]
 61230 | Depths:2 | Killed Bai Suzhen
 61234 | Depths:2 | HP: 88/191 [cloud of flame (3)]
 61595 | Depths:3 | HP: 92/187 [spriggan defender/+3 quick blade of draining
                  | (12)]
 61605 | Depths:3 | Reached skill level 21 in Dodging
 62126 | Depths:3 | Found a one-way gate to the infinite horrors of the Abyss.
 62289 | Depths:4 | Entered Level 4 of the Depths
 62289 | Depths:4 | Found a transporter.
 62289 | Depths:4 | Found a transporter.
 62290 | Depths:4 | Identified the +2 robe "Vubb" {Str+2 Int+2 Stlth+}
 62290 | Depths:4 | Noticed Boris
 62372 | Depths:4 | Found a magical portal.
 62381 | WizLab   | Entered Yara's Duelist Academy
 62409 | WizLab   | Reached skill level 22 in Dodging
 62505 | WizLab   | Noticed Umoy
 62514 | WizLab   | Killed Umoy the Head Instructor
 62725 | WizLab   | Reached skill level 23 in Dodging
 63005 | Depths:4 | Noticed a golden dragon
 63016 | Depths:4 | Killed a golden dragon
 63032 | Depths:4 | Reached skill level 18 in Fighting
 63120 | Depths:4 | Noticed a golden dragon
 63127 | Depths:4 | Noticed Vv
 63132 | Depths:4 | Reached XP level 25. HP: 174/199 MP: 0/0
 63132 | Depths:4 | Learned a level 9 spell: Shatter
 63290 | Depths:4 | HP: 87/186 [tengu reaver/bolt of acid (17)]
 63293 | Depths:4 | HP: 13/186 [tengu reaver/bolt of lightning (45)]
 63717 | Crypt:1  | Entered Level 1 of the Crypt
 64744 | Crypt:1  | HP: 93/186 [jiangshi (2)]
 65102 | Crypt:2  | HP: 89/189 [??? (87)]
 65103 | Crypt:2  | HP: 44/189 [??? (41)]
 65229 | Crypt:2  | HP: 94/189 [??? (92)]
 65341 | Crypt:1  | Identified the cursed +2 cloak of the Enlightened Sky
                  | {Will+, Self, Melee} (You found it in a bailey)
 65341 | Crypt:1  | Identified the cursed +2 helmet "Share My Idealism" {Self,
                  | Sorc} (You found it on level 2 of the Lair of Beasts)
 65341 | Crypt:1  | Identified the cursed +2 pair of gloves of Apeoromancy
                  | {Bglg, Elem} (You found it on level 3 of the Dungeon)
 65341 | Crypt:1  | Identified the cursed +5 ring mail "Suspicion of Ashenzari"
                  | {rC+, Fort, Sorc} (You found it on level 4 of the Snake
                  | Pit)
 65532 | Crypt:1  | Reached skill level 19 in Spellcasting
 65532 | Crypt:1  | Reached skill level 19 in Conjurations
 65532 | Crypt:1  | Reached skill level 19 in Hexes
 65532 | Crypt:1  | Reached skill level 19 in Summonings
 65532 | Crypt:1  | Reached skill level 19 in Necromancy
 65532 | Crypt:1  | Reached skill level 19 in Translocations
 65532 | Crypt:1  | Reached skill level 19 in Fire Magic
 65532 | Crypt:1  | Reached skill level 19 in Ice Magic
 65532 | Crypt:1  | Reached skill level 19 in Air Magic
 65532 | Crypt:1  | Reached skill level 19 in Earth Magic
 65532 | Crypt:1  | Reached skill level 19 in Alchemy
 65832 | Crypt:3  | Entered Level 3 of the Crypt
 66278 | Crypt:3  | Identified the ring "Cuiqom" {rPois rC+ Slay+2}
 66483 | Crypt:3  | Found a basalt altar of Yredelemnul.
 66827 | Crypt:3  | HP: 94/188 [ghoul (9)]
 66947 | Crypt:3  | Identified the ring of Ryuwaok {^Contam rPois rC+ Will+
                  | Dex+9}
 67384 | Crypt:3  | Found a staircase to the Tomb.
 67704 | Crypt:3  | Identified the Spellbook of the Magi
 67889 | Crypt:3  | Reached skill level 20 in Spellcasting
 67889 | Crypt:3  | Reached skill level 20 in Conjurations
 67889 | Crypt:3  | Reached skill level 20 in Hexes
 67889 | Crypt:3  | Reached skill level 20 in Summonings
 67889 | Crypt:3  | Reached skill level 20 in Necromancy
 67889 | Crypt:3  | Reached skill level 20 in Translocations
 67889 | Crypt:3  | Reached skill level 20 in Fire Magic
 67889 | Crypt:3  | Reached skill level 20 in Ice Magic
 67889 | Crypt:3  | Reached skill level 20 in Air Magic
 67889 | Crypt:3  | Reached skill level 20 in Earth Magic
 67889 | Crypt:3  | Reached skill level 20 in Alchemy
 68023 | Crypt:3  | Identified the staff of Fear {rN+ Str-4 Dex+4 Necro}
 68042 | Crypt:3  | HP: 93/189 [profane servitor/+1 whip (3)]
 68303 | Crypt:3  | Identified the ring "Ajinowor" {rC+ AC+4 Str+3 Int+3}
 68323 | Crypt:3  | Reached XP level 26. HP: 188/196 MP: 0/0
 69032 | D:4      | Killed mooti9's ghost
 69394 | Hell     | Entered the Vestibule of Hell
 69394 | Hell     | Noticed Geryon
 69486 | Depths:1 | HP: 98/196 [sun demon[a balrug] (4)]
 69767 | Depths:1 | HP: 87/196 [ice dragon/blast of cold (19)]
 69856 | Hell     | HP: 95/196 [sun demon (6)]
 69861 | Depths:1 | HP: 94/196 [sun demon (4)]
 70094 | Hell     | HP: 95/196 [hell beast[Geryon] (8)]
 70102 | Hell     | Killed Geryon
 70400 | D:14     | You paid a toll of the horn of Geryon to enter a treasure
                  | trove
 70401 | Trove    | Entered a treasure trove
 70403 | Trove    | Identified the ring of the Swan {rElec rPois rCorr Dex-2
                  | SInv}
 70404 | Trove    | Found the dreamshard necklace {Acrobat *Dream}
 70405 | Trove    | Identified the ring of the Raven {rCorr Dex+2}
 70405 | Trove    | Identified the ring "Ettuoz Piss" {Ice rCorr Str-4 Slay+3}
 70405 | Trove    | Identified the ring of Midnight {rF+ Str-5 Int+6 Dex+3}
 70405 | Trove    | Identified the ring of the City {*Slow rC+ rN++ Str+4}
 70642 | Slime:1  | Entered Level 1 of the Pits of Slime
 70674 | Slime:1  | Reached skill level 21 in Spellcasting
 70674 | Slime:1  | Reached skill level 21 in Conjurations
 70674 | Slime:1  | Reached skill level 21 in Hexes
 70674 | Slime:1  | Reached skill level 21 in Summonings
 70674 | Slime:1  | Reached skill level 21 in Necromancy
 70674 | Slime:1  | Reached skill level 21 in Translocations
 70674 | Slime:1  | Reached skill level 21 in Fire Magic
 70674 | Slime:1  | Reached skill level 21 in Ice Magic
 70674 | Slime:1  | Reached skill level 21 in Air Magic
 70674 | Slime:1  | Reached skill level 21 in Earth Magic
 70674 | Slime:1  | Reached skill level 21 in Alchemy
 70955 | Slime:4  | HP: 98/196 [azure jelly (3)]
 71077 | Slime:5  | Entered Level 5 of the Pits of Slime
 71115 | Slime:5  | Identified the +3 chain mail of Going Fast {+Inv}
 71172 | Slime:5  | Identified the Commentary on Toxicity and the Geologist
 71211 | Slime:5  | Identified the ring "Mudduukk" {Fly Int+4}
 71215 | Slime:5  | Found a viscous altar of Jiyva.
 71258 | Slime:5  | HP: 92/196 [rockslime (25)]
 71264 | Slime:5  | HP: 52/196 [formless jellyfish (23)]
 71386 | Slime:5  | HP: 98/196 [acid blob/splash of acid (11)]
 71395 | Slime:5  | HP: 75/196 [formless jellyfish (3)]
 71428 | Slime:5  | Noticed the Royal Jelly
 71437 | Slime:5  | Killed the Royal Jelly
 71438 | Slime:5  | Reached skill level 22 in Spellcasting
 71438 | Slime:5  | Reached skill level 22 in Conjurations
 71438 | Slime:5  | Reached skill level 22 in Hexes
 71438 | Slime:5  | Reached skill level 22 in Summonings
 71438 | Slime:5  | Reached skill level 22 in Necromancy
 71438 | Slime:5  | Reached skill level 22 in Translocations
 71438 | Slime:5  | Reached skill level 22 in Fire Magic
 71438 | Slime:5  | Reached skill level 22 in Ice Magic
 71438 | Slime:5  | Reached skill level 22 in Air Magic
 71438 | Slime:5  | Reached skill level 22 in Earth Magic
 71438 | Slime:5  | Reached skill level 22 in Alchemy
 71457 | Slime:5  | HP: 91/196 [quicksilver ooze[the Royal Jelly] (18)]
 71718 | Slime:4  | HP: 88/196 [rockslime (19)]
 72041 | Slime:5  | Gained mutation: You occasionally lose the ability to read
                  | scrolls when taking damage. [a shining eye]
 72050 | Slime:5  | HP: 94/196 [rockslime (23)]
 72051 | Slime:5  | Reached XP level 27. HP: 97/202 MP: 0/0
 72051 | Slime:5  | Learned a level 9 spell: Polar Vortex
 72174 | Slime:5  | Identified the Collected Works on Fulgurant Bad Luck
 72180 | Slime:5  | Found the +3 Elemental Staff {ele, rElec rF+ rC+ AC+3}
 72278 | Slime:5  | Identified Jubrisuh's Lessons on Obstruction and Location
 72334 | Slime:5  | Gained mutation: You do not regenerate when monsters are
                  | visible. [a shining eye]
 72415 | Slime:5  | Got a slimy rune of Zot
 72433 | Slime:5  | Lost mutation: You occasionally lose the ability to read
                  | scrolls when taking damage. [potion of mutation]
 72433 | Slime:5  | Lost mutation: You are clumsy. (Dex -2) [potion of
                  | mutation]
 72433 | Slime:5  | Lost mutation: You do not regenerate when monsters are
                  | visible. [potion of mutation]
 72433 | Slime:5  | Gained mutation: You are strong-willed. (Will+) [potion of
                  | mutation]
 72828 | Zig:1    | Entered Level 1 of a ziggurat
 72846 | Zig:2    | Entered Level 2 of a ziggurat
 72885 | Zig:3    | Entered Level 3 of a ziggurat
 72943 | Zig:3    | Identified the staff "Sak Cul" {rElec rF+ MP-9 Int+5 SInv
                  | Fire}
 72963 | Zig:4    | Entered Level 4 of a ziggurat
 72965 | Zig:4    | Identified the Compendium of Indurated Malediction
 72981 | Zig:4    | Found the +4 skin of Zhor {*Englaciate rC+++ SInv}
 73000 | Zig:5    | Entered Level 5 of a ziggurat
 73006 | Zig:5    | HP: 94/202 [torment (92)]
 73105 | Zig:6    | Entered Level 6 of a ziggurat
 73151 | Zig:6    | Found the +11 Singing Sword {sonic wave}
 73152 | Zig:6    | Identified the staff of a volcano {rElec rCorr Air}
 73153 | Zig:6    | Identified the ring "Anuneth" {^Drain *Slow Fly rC+ Stlth+}
 73173 | Zig:7    | Entered Level 7 of a ziggurat
 73174 | Zig:7    | CougarLife: whats killing everything i dont see you casting
                  | a spell or firing bolts
 73180 | Zig:7    | particleface: shatter
 73180 | Zig:7    | CougarLife: ahh ok
 73181 | Zig:7    | Paralysed by an air elemental for 1 turns
 73182 | Zig:7    | CougarLife: it was happening quick i guess
 73182 | Zig:7    | particleface: ive got it quivered so its just one button
 73183 | Zig:7    | HP: 99/202 [spriggan air mage/the air (22)]
 73299 | Zig:7    | CougarLife: also wondering why your character tile looks
                  | like that
 73301 | Zig:7    | CougarLife: is ashenzari doing that to you
 73301 | Zig:7    | particleface: in your rc you can set it to any monster
 73301 | Zig:7    | CougarLife: ah
 73301 | Zig:7    | CougarLife: i thought that was clientside not server side
 73301 | Zig:7    | particleface: tile_player_tile=mons:silent spectre
 73301 | Zig:7    | CougarLife: interesting
 73304 | Zig:8    | Entered Level 8 of a ziggurat
 73311 | Zig:8    | Noticed a royal mummy
 73314 | Zig:8    | Killed a royal mummy
 73314 | Zig:8    | HP: 87/202 [torment (85)]
 73314 | Zig:8    | Noticed a royal mummy
 73319 | Zig:8    | Killed a royal mummy
 73531 | Zig:8    | Identified the +7 dire flail of Massacring {drain, rPois
                  | Str+3 Dex-4}
 73555 | Zig:8    | Reached skill level 23 in Spellcasting
 73555 | Zig:8    | Reached skill level 23 in Conjurations
 73555 | Zig:8    | Reached skill level 23 in Hexes
 73555 | Zig:8    | Reached skill level 23 in Summonings
 73555 | Zig:8    | Reached skill level 23 in Necromancy
 73555 | Zig:8    | Reached skill level 23 in Translocations
 73555 | Zig:8    | Reached skill level 23 in Fire Magic
 73555 | Zig:8    | Reached skill level 23 in Ice Magic
 73555 | Zig:8    | Reached skill level 23 in Air Magic
 73555 | Zig:8    | Reached skill level 23 in Earth Magic
 73555 | Zig:8    | Reached skill level 23 in Alchemy
 73780 | Depths:4 | Found Fappos's Weapon Shoppe.
 73997 | Depths:4 | Killed Boris
 74207 | Depths:4 | Found a gate to the Realm of Zot.
 74457 | Depths:4 | Killed Vv
 74877 | Zot:1    | Entered Level 1 of the Realm of Zot
 76038 | Zot:1    | HP: 101/202 [constriction (5)]
 76043 | Zot:1    | HP: 61/202 [electric golem/bolt of lightning (10)]
 76061 | Zot:1    | HP: 77/202 [electric golem (9)]
 76068 | Zot:1    | HP: 56/202 [black draconian/bolt of lightning (11)]
 76070 | Zot:1    | Reached skill level 24 in Spellcasting
 76070 | Zot:1    | Reached skill level 24 in Conjurations
 76070 | Zot:1    | Reached skill level 24 in Hexes
 76070 | Zot:1    | Reached skill level 24 in Summonings
 76070 | Zot:1    | Reached skill level 24 in Necromancy
 76070 | Zot:1    | Reached skill level 24 in Translocations
 76070 | Zot:1    | Reached skill level 24 in Fire Magic
 76070 | Zot:1    | Reached skill level 24 in Ice Magic
 76070 | Zot:1    | Reached skill level 24 in Air Magic
 76070 | Zot:1    | Reached skill level 24 in Earth Magic
 76070 | Zot:1    | Reached skill level 24 in Alchemy
 78514 | Zot:2    | Reached skill level 19 in Fighting
 79782 | Zot:2    | HP: 92/211 [black draconian knight/bolt of lightning (9)]
 80546 | Zot:2    | Reached skill level 20 in Fighting
 81564 | Zot:3    | Noticed an orb of fire
 81564 | Zot:3    | Identified the +7 short sword of the Supporting Eel {flame,
                  | rPois rF- rC+ rN+}
 81564 | Zot:3    | Identified Aracafan's Folio of The Black Sun
 82231 | Zot:4    | Identified the ring "Fido" {Fly Will++ Slay+2}
 82353 | Zot:5    | Entered Level 5 of the Realm of Zot
 82362 | Zot:5    | Reached skill level 21 in Fighting
 82415 | Zot:5    | Found a transporter.
 82453 | Zot:5    | HP: 102/205 [moth of wrath (2)]
 82454 | Zot:5    | HP: 50/205 [golden dragon (11)]
 82776 | Zot:5    | Noticed an ancient lich
 82776 | Zot:5    | Noticed an ancient lich
 82886 | Zot:5    | HP: 151/307 [wandering mushroom[a curse toe] (4)]
 83188 | Zot:5    | Noticed a Killer Klown
 83207 | Zot:5    | Killed a Killer Klown
 83376 | Zot:5    | Noticed an ancient lich
 83377 | Zot:5    | Noticed a dread lich
 83398 | Zot:5    | Killed a dread lich
 83402 | Zot:5    | HP: 77/218 [ancient lich/crystal spear (79)]
 83674 | Zot:5    | Killed an ancient lich
 83834 | Zot:5    | Noticed an orb of fire
 83842 | Zot:5    | Noticed a Killer Klown
 83847 | Zot:5    | Noticed an orb of fire
 83848 | Zot:5    | HP: 83/218 [??? (80)]
 83849 | Zot:5    | Gained mutation: You possess an exceptional clarity of
                  | mind. [an orb of fire]
 83856 | Zot:5    | Gained mutation: You are clumsy. (Dex -2) [an orb of fire]
 83857 | Zot:5    | Killed an orb of fire
 83858 | Zot:5    | Reached skill level 13 in Armour
 83858 | Zot:5    | HP: 98/206 [orb of fire/fireball (12)]
 83860 | Zot:5    | Killed a Killer Klown
 83860 | Zot:5    | Noticed a dread lich
 83861 | Zot:5    | Noticed a Killer Klown
 83861 | Zot:5    | Noticed a Killer Klown
 83861 | Zot:5    | Noticed a Killer Klown
 83861 | Zot:5    | Noticed a Killer Klown
 83861 | Zot:5    | Noticed an orb of fire
 83867 | Zot:4    | Noticed Grunn
 83868 | Zot:4    | HP: 79/206 [doom hound[Grunn] (5)]
 83987 | Zot:4    | HP: 75/206 [green draconian monk (5)]
 83995 | Zot:4    | HP: 68/206 [acid[a green draconian monk] (4)]
 84000 | Zot:4    | HP: 82/206 [red draconian][a green draconian monk] (1)]
 84289 | Zot:5    | Killed Grunn
 84560 | Zot:5    | Killed a dread lich
 84561 | Zot:5    | Reached skill level 14 in Armour
 84747 | Zot:5    | Killed a Killer Klown
 84756 | Zot:5    | Killed an orb of fire
 85274 | Zot:5    | Reached skill level 15 in Armour
 85293 | Zot:5    | Gained mutation: Armour fits poorly on your strangely
                  | shaped body. [an orb of fire]
 85296 | Zot:5    | Lost mutation: You possess an exceptional clarity of mind.
                  | [an orb of fire]
 85301 | Zot:5    | HP: 88/206 [orb of fire/fireball (16)]
 85304 | Zot:5    | Killed an orb of fire
 85762 | Zot:5    | Got the Orb of Zot
 85782 | Zot:5    | Gained mutation: You are frail. (-10% HP) [a cacodemon]
 85818 | Zot:5    | Killed an ancient lich
 85819 | Zot:5    | Reached skill level 16 in Armour
 85911 | Depths:4 | Noticed a seraph
 85995 | Depths:1 | HP: 92/185 [??? (90)]
 86266 | D:4      | HP: 91/185 [Executioner (9)]
 86272 | D:4      | HP: 75/185 [Executioner (6)]
 86300 | D:3      | HP: 31/185 [Orb Guardian (26)]
 86378 | D:$      | Escaped with the Orb!

Illustrated notes

Levels and vault maps discovered:
D:1:      lordsloth_arrival_two_stooges, layout_loops_ring,
          dreamdust_mushroom_princess
D:2:      layout_rooms, ebering_ecumenical_altar_petrified, basic_altar
D:3:      wad_lake_hut, layout_basic, overflow_temple_1_default,
          minmay_misc_feat_iff, uniq_natasha, uniq_crazy_yiuf_cottage
D:4:      layout_rooms, ebering_ghost_disaster_area, grunt_ministairs_6
D:5:      layout_layer_cave, tgw_trog, old_standard_altar, uniq_menkaure
D:6:      layout_loops_ring, grunt_temple_overflow_order_and_chaos_2,
          dancing_weapons_uskayaw, nicolae_titane, uniq_maggie
D:7:      layout_loops_ring, lemuel_tele_altar, minmay_temple_entry_offerings
D:8:      minmay_slanted_spiral_squares, layout_loops_corners, enter_bailey_2,
          kennysheep_cluttered_room, minmay_door_square, minmay_misc_feat_alley
D:9:      layout_grid_maze, nicolae_dithmenos_through_a_glass_darkly,
          grunt_lair_entry_orc_guard_hut, serial_ice, serial_ice_c,
          serial_ice_n, serial_ice_d, serial_ice_f, serial_ice_g, serial_ice_k,
          uniq_psyche
D:10:     layout_cave_pools, lemuel_blue_sif_altar
D:11:     layout_basic, uniq_lodul, uniq_gastronok
D:12:     layout_basic, david_orc_3, serial_shops, shop, uniq_erolcha
D:13:     layout_stronghold, gauntlet_entry_generic, hangedman_decor_slide_cut
D:14:     layout_irregular_city, david_vaults_2, nicolae_ru_path_of_blood,
          nicolae_trove_entry_free_sample
D:15:     hangedman_depths_entry_try_elsewhere_first, layout_loops_ring,
          serial_bayou_ford_a, minmay_diamond_spiral
Temple:   nicolae_temple_ecumenical_triangle
Lair:1:   layout_cave_pods
Lair:2:   layout_gridlike, alex1729_snake_entry_snake, gammafunk_ghost_ooze,
          nicolae_lair_run_with_the_wolves, grunt_megastairs_2
Lair:3:   beast_lair_carwin_large_3, layout_cave_pods, swamp_mist,
          uniq_prince_ribbit2
Lair:4:   beast_lair_carwin_large_2, layout_loops_ring,
          chequers_serial_rivers_micro_d, nicolae_lair_lil_pond,
          infiniplex_staircase_pool, grunt_megastairs_4, uniq_sonja
Lair:5:   minmay_lair_end_frog_pond, layout_misc_corridors, slime_entry_1,
          minmay_lair_oklob_bushes, minmay_lair_drake_nest, uniq_josephine
Swamp:1:  layout_basic_swamp, evilmike_swamp_ruin_house_4, swamp_pool_3,
          uniq_mlioglotl
Swamp:2:  layout_basic_swamp, evilmike_swamp_ruin_rubble_1, uniq_jorgrun,
          uniq_nikola
Swamp:3:  layout_falls_marsh, nicolae_swamp_trees_clearing,
          nicolae_swamp_no_escape
Swamp:4:  swamp_old_school, layout_basic_swamp
Snake:1:  layout_basic, portal_ice_cave_entry_ugly_swarm, serial_shops,
          nicolae_shop_rolling_square, nicolae_square_shop,
          nicolae_shop_peninsula, serial_bayou, serial_bayou_lagoon_b,
          serial_bayou_lagoon_a, serial_bayou_lake_a, serial_bayou_pond_d,
          uniq_aizul
Snake:2:  layout_misc_corridors, basic_altar, serial_shops,
          nicolae_shop_window_shopping
Snake:3:  layout_chambers, serial_shops, shop
Snake:4:  snake_pit_salamanders_mu, layout_basic, serial_nicolae_subway,
          nicolae_sub_station_stone, nicolae_sub_station_metal,
          nicolae_sub_station_crystal
Slime:1:  layout_caves
Slime:2:  layout_caves, cheibrodos_slime_lost_civilization_5
Slime:3:  layout_caves
Slime:4:  layout_caves
Slime:5:  slime_pit_nicolae_amoeboid
Orc:1:    layout_caves, uniq_urug
Orc:2:    grunt_orc_community_town_hall, layout_caves,
          grunt_orc_community_big_house_1, grunt_orc_community_big_house_2,
          grunt_orc_community_house_3, grunt_orc_community_house_3,
          grunt_orc_community_house_3, grunt_orc_community_house_1,
          grunt_orc_community_house_2, grunt_orc_community_house_1
Elf:1:    layout_gridlike, nicolae_elf_shapeshifter_party
Elf:2:    elven_hall_of_blades_hangedman_alternative
          [nooodl_blade_entry_preview], layout_onion_city, basic_altar
Elf:3:    grunt_elf_hall_branching, layout_onion_city, serial_shops,
          nicolae_shop_tiny_glass, nicolae_custom_books
Vaults:1: portal_desolation_entry_nicolae_forbidding_blocks,
          nicolae_vaults_heart-shaped_vault, grunt_vaults_diagonal,
          nicolae_vaults_trapezoid_2, nicolae_vaults_good_morning_starshine,
          ontoclasm_vaults_ligature, nicolae_vaults_more_shelving_2,
          nicolae_vaults_mitosis, vaults_room_stairs_pillars,
          nicolae_vaults_hexular_roomagon, vaults_mumra_minichess_inversion,
          nicolae_vaults_closet_pinwheel_1, nicolae_vaults_variable_pillar_hall,
          layout_vaults_omnibox, serial_shops, nicolae_shop_getting_attention
Vaults:2: hangedman_vaults_pinch, nicolae_vaults_oval_intersection,
          vaults_room_door_ring, nicolae_vaults_closet_pinwheel_6,
          nicolae_vaults_swerve, nicolae_vaults_circle_grid_a, vaults_room_grid,
          grunt_vaults_trifunnel, nicolae_vaults_house_1,
          dpeg_vaults_monster_box, nicolae_vaults_whirlpool_walls,
          ontoclasm_vaults_ring_small, layout_vaults_omnicross
Vaults:3: nicolae_vaults_mush_room, nicolae_vaults_variable_pillar_hall,
          vaults_room_octagon, ontoclasm_vaults_ring_square,
          minmay_crypt_entry_simple_round, nicolae_vaults_tangram_2,
          nicolae_vaults_storage_closets_3, nicolae_vaults_shelves_hall,
          vaults_room_corners, nicolae_vaults_tetromino_T_1, v_misc_12,
          vaults_dpeg_hooks, layout_vaults_quadrants, uniq_donald
Vaults:4: nicolae_vaults_shrinking_rooms_1, v_misc_28, v_pattern_1,
          minmay_guarded_unrand_secular_launcher, ontoclasm_vaults_gateway,
          nicolae_vaults_house_1, nicolae_vaults_wine_cellar,
          nicolae_vaults_tetromino_T_2, v_misc_25, nicolae_vaults_specimen_jars,
          vaults_dpeg_spiral, vaults_room_grid, nicolae_vaults_prndl,
          nicolae_vaults_layer_cake_slice, layout_vaults_ring
Crypt:1:  layout_basic
Crypt:2:  layout_rooms
Crypt:3:  evilmike_haunted_forest
Depths:1: layout_gridlike, enter_ziggurat_c, grunt_mini_vestibule,
          nicolae_concentric_dashed_squares_wild, minivault_16,
          hangedman_decor_opposing, st_stairs_14,
          minmay_mirror_moons_of_madness, minmay_shop_grove, uniq_norris
Depths:2: minmay_chopped_fan, layout_cave_shapes, hell_entry,
          grunt_pan_entry_spiral, minmay_stone_trees_large, elyvilon_altar_1,
          infiniplex_staircase_pillars_3a, firewood_loft, uniq_bai_suzhen,
          uniq_asterion
Depths:3: nicolae_hitomezashi [nicolae_hito_row, nicolae_hito_row,
          nicolae_hito_row, nicolae_hito_row, nicolae_hito_row,
          nicolae_hito_row, nicolae_hito_row, nicolae_hito_row,
          nicolae_hito_row, nicolae_hito_row, nicolae_hito_row,
          nicolae_hito_row, nicolae_hito_row, nicolae_hito_row,
          nicolae_hito_row, nicolae_hito_row, nicolae_hito_row,
          nicolae_hito_row], layout_long_grid, columned_hall_lemuel,
          nicolae_abyss_entry_one_way_or_another, hell_entry
Depths:4: grunt_x_marks_the_spot, layout_basic,
          lightli_enter_wizlab_magi_temple, serial_shops, shop,
          abyss_entry_glasseish, minmay_misc_feat_rows, hell_entry,
          nicolae_diode_stairs, uniq_vv, uniq_boris
Hell
Zot:1:    layout_basic, grunt_ministairs_3
Zot:2:    lemuel_acid_trip, layout_concentric_octagons,
          st_single_dragon_hoard_4, hangedman_zot_decor_slant
Zot:3:    dreamdust_black_sun_cult, layout_concentric_octagons
Zot:4:    dreamdust_zin_vs_xom, layout_basic, hangedman_hellfire_club,
          uniq_grunn
Zot:5:    layout_misc_corridors, nicolae_diode_basic

Skill      XL: |  1  2  3  4  5  6  7  8  9 10 11 12 13 14 15 16 17 18 19 20 21 22 23 24 25 26 27 |
---------------+----------------------------------------------------------------------------------+-----
Fighting       | 1 2 3 4 9 10 11 12 14 16 17 18 21 | 21.7
Stealth        | 2 |  2.0
Spellcasting   | 4 5 6 8 10 12 14 15 16 18 20 22 24 | 24.1
Conjurations   | 4 5 6 8 10 12 14 15 16 18 20 22 24 | 24.1
Hexes          | 4 5 6 8 10 12 14 15 16 18 20 22 24 | 24.1
Summonings     | 4 5 6 8 10 12 14 15 16 18 20 22 24 | 24.1
Necromancy     | 4 5 6 8 10 12 14 15 16 18 20 22 24 | 24.1
Translocations | 4 5 6 8 10 12 14 15 16 18 20 22 24 | 24.1
Fire Magic     | 4 5 6 8 10 12 14 15 16 18 20 22 24 | 24.1
Ice Magic      | 4 5 6 8 10 12 14 15 16 18 20 22 24 | 24.1
Air Magic      | 4 5 6 8 10 12 14 15 16 18 20 22 24 | 24.1
Earth Magic    | 4 5 6 8 10 12 14 15 16 18 20 22 24 | 24.1
Alchemy        | 4 5 6 8 10 12 14 15 16 18 20 22 24 | 24.1
Dodging        | 3 10 13 17 18 23 | 23.8
Shields        | 4 |  4.0
Evocations     | 3 |  3.0
Armour         | 2 10 12 16 | 16.4
Ranged Weapons | 8 12 14 15 16 17 18 | 18.0

Action                     |  1- 3 |  4- 6 |  7- 9 | 10-12 | 13-15 | 16-18 | 19-21 | 22-24 | 25-27 || total
---------------------------+-------+-------+-------+-------+-------+-------+-------+-------+-------++-------
  Melee: Unarmed           |     1 |       |       |       |       |       |       |       |       ||     1
         Spear             |     1 |       |       |       |       |       |       |       |       ||     1
         Rapier            |       |    13 |       |       |       |       |       |       |       ||    13
         Dagger            |       |     1 |    47 |       |       |       |       |       |       ||    48
   Fire: Sling             |       |       |       |   151 |   273 |    72 |       |       |       ||   496
         Arbalest          |       |       |       |       |       |   638 |   706 |       |       ||  1344
         Hand cannon       |       |       |       |       |       |       |     4 |   658 |  1442 ||  2104
  Throw: Boomerang         |       |     1 |       |       |       |       |       |       |       ||     1
         Dart              |       |       |       |       |       |     6 |     7 |     3 |     1 ||    17
         Throwing net      |       |       |       |       |       |       |       |       |     2 ||     2
   Cast: Sting             |    77 |    69 |    30 |       |       |       |       |       |       ||   176
         Mercury Vapours   |     4 |     4 |     8 |       |     1 |       |       |       |       ||    17
         Sticky Flame      |       |     1 |    23 |    12 |    42 |    28 |    15 |    17 |    17 ||   155
         Olgreb's Toxic Ra |       |       |    14 |    68 |   136 |    46 |     9 |     4 |       ||   277
         Mephitic Cloud    |       |       |     1 |     1 |       |     6 |     2 |     3 |       ||    13
         Summon Blazeheart |       |       |     8 |    14 |    16 |     6 |     3 |     3 |     1 ||    51
         Blink             |       |       |     1 |       |     1 |     2 |       |     4 |    27 ||    35
         Fireball          |       |       |       |    24 |   176 |    64 |    76 |     8 |    18 ||   366
         Borgnjor's Vile C |       |       |       |       |    17 |   121 |   109 |   122 |   164 ||   533
         Sculpt Simulacrum |       |       |       |       |     1 |       |       |       |     1 ||     2
         Death Channel     |       |       |       |       |       |    28 |    32 |    38 |    41 ||   139
         Spellforged Servi |       |       |       |       |       |       |    40 |    57 |    64 ||   161
         Infestation       |       |       |       |       |       |       |       |    12 |    20 ||    32
         Shatter           |       |       |       |       |       |       |       |       |   226 ||   226
         Borgnjor's Revivi |       |       |       |       |       |       |       |       |     2 ||     2
         Polar Vortex      |       |       |       |       |       |       |       |       |    22 ||    22
 Invoke: Curse Item        |       |       |     1 |     6 |     2 |     1 |     1 |     3 |     3 ||    17
         Shatter the Chain |       |       |       |       |       |     2 |     2 |     2 |     2 ||     8
  Evoke: Wand              |       |       |     6 |       |    11 |     6 |     2 |     5 |    38 ||    68
         Sack of spiders   |       |       |       |       |       |       |       |     1 |     1 ||     2
    Use: Scroll            |     3 |     4 |     7 |     3 |       |     3 |    13 |     9 |    29 ||    71
         Potion            |       |       |     7 |     2 |     2 |       |     1 |     6 |    42 ||    60
   Stab: Sleeping          |       |       |     1 |       |       |       |       |       |       ||     1
 Armour: Robe              |     9 |     6 |       |    76 |       |       |       |       |       ||    91
         Leather armour    |       |    18 |    86 |       |       |       |       |       |       ||   104
         Skin              |       |       |       |     1 |       |       |       |       |    44 ||    45
         Scale mail        |       |       |       |     5 |   210 |   425 |   263 |       |       ||   903
         Ring mail         |       |       |       |       |       |       |    49 |   338 |  1278 ||  1665
  Dodge: Dodged            |    21 |    14 |    61 |    48 |   140 |   180 |   148 |   213 |  1120 ||  1945
  Block: Other             |       |       |       |    17 |       |    57 |    52 |       |       ||   126
         Reflection        |       |       |       |     3 |     6 |    14 |     7 |    27 |       ||    57
         Buckler           |       |       |       |     5 |   159 |    40 |     5 |   123 |   370 ||   702

Table legend: (Time is in decaauts)
 A = Elapsed time spent in this place.
 B = Non-inter-level travel time spent in this place.
 C = Inter-level travel time spent in this place.
 D = Time resting spent in this place.
 E = Time spent auto-exploring this place.
 F = Levels seen in this place.
 G = Mean time per level.
                   A        B        C        D        E       F      G
               +--------+--------+--------+--------+--------+-----+--------+
         Total |  87117 |  79806 |   7311 |  16457 |  47246 |  68 | 1281.1 |
       Dungeon |  18638 |  15780 |   2858 |    897 |  12711 |  15 | 1242.5 |
        Temple |     19 |     10 |      9 |      0 |      0 |   1 |   19.0 |
          Lair |   9777 |   8845 |    932 |   1864 |   5733 |   5 | 1955.4 |
         Swamp |   4122 |   4017 |    105 |    605 |   2727 |   4 | 1030.5 |
     Snake Pit |   8383 |   7570 |    813 |    935 |   5268 |   4 | 2095.8 |
    Slime Pits |   1878 |   1809 |     69 |    737 |    155 |   5 |  375.6 |
  Orcish Mines |   2585 |   2169 |    416 |    294 |   1419 |   2 | 1292.5 |
   Elven Halls |   6802 |   6339 |    463 |   1163 |   4019 |   3 | 2267.3 |
        Vaults |   8984 |   8660 |    324 |    617 |   6558 |   4 | 2246.0 |
         Crypt |   4925 |   4560 |    365 |    931 |   2324 |   3 | 1641.7 |
        Depths |   8079 |   7578 |    501 |   2348 |   3453 |   4 | 2019.8 |
          Hell |    112 |    112 |      0 |      7 |      0 |   1 |  112.0 |
           Zot |   9861 |   9411 |    450 |   5206 |   1654 |   5 | 1972.2 |
      Ziggurat |    833 |    833 |      0 |    463 |    190 |   8 |  104.1 |
         Trove |     44 |     44 |      0 |      0 |     20 |   1 |   44.0 |
        Bailey |    997 |    997 |      0 |    186 |    484 |   1 |  997.0 |
        Wizlab |    530 |    530 |      0 |      0 |    310 |   1 |  530.0 |
      Gauntlet |    540 |    540 |      0 |    201 |    220 |   1 |  540.0 |
               +--------+--------+--------+--------+--------+-----+--------+

Top non-repeatable levels by time:
   Zot:1: 3306 daAuts
   Zot:5: 2861 daAuts
 Snake:1: 2840 daAuts
Depths:4: 2809 daAuts
Vaults:3: 2767 daAuts
Depths:1: 2643 daAuts
Vaults:1: 2638 daAuts
   Zot:2: 2637 daAuts
 Crypt:3: 2525 daAuts
   Elf:2: 2489 daAuts
 Snake:3: 2384 daAuts
     D:9: 2340 daAuts
   Elf:3: 2329 daAuts
 Snake:4: 2270 daAuts
  Lair:2: 2152 daAuts

Levels and vault maps discovered:
D:1:      lordsloth_arrival_two_stooges, layout_loops_ring,
          dreamdust_mushroom_princess
D:2:      layout_rooms, ebering_ecumenical_altar_petrified, basic_altar
D:3:      wad_lake_hut, layout_basic, overflow_temple_1_default,
          minmay_misc_feat_iff, uniq_natasha, uniq_crazy_yiuf_cottage
D:4:      layout_rooms, ebering_ghost_disaster_area, grunt_ministairs_6
D:5:      layout_layer_cave, tgw_trog, old_standard_altar, uniq_menkaure
D:6:      layout_loops_ring, grunt_temple_overflow_order_and_chaos_2,
          dancing_weapons_uskayaw, nicolae_titane, uniq_maggie
D:7:      layout_loops_ring, lemuel_tele_altar, minmay_temple_entry_offerings
D:8:      minmay_slanted_spiral_squares, layout_loops_corners, enter_bailey_2,
          kennysheep_cluttered_room, minmay_door_square, minmay_misc_feat_alley
D:9:      layout_grid_maze, nicolae_dithmenos_through_a_glass_darkly,
          grunt_lair_entry_orc_guard_hut, serial_ice, serial_ice_c,
          serial_ice_n, serial_ice_d, serial_ice_f, serial_ice_g, serial_ice_k,
          uniq_psyche
D:10:     layout_cave_pools, lemuel_blue_sif_altar
D:11:     layout_basic, uniq_lodul, uniq_gastronok
D:12:     layout_basic, david_orc_3, serial_shops, shop, uniq_erolcha
D:13:     layout_stronghold, gauntlet_entry_generic, hangedman_decor_slide_cut
D:14:     layout_irregular_city, david_vaults_2, nicolae_ru_path_of_blood,
          nicolae_trove_entry_free_sample
D:15:     hangedman_depths_entry_try_elsewhere_first, layout_loops_ring,
          serial_bayou_ford_a, minmay_diamond_spiral
Temple:   nicolae_temple_ecumenical_triangle
Lair:1:   layout_cave_pods
Lair:2:   layout_gridlike, alex1729_snake_entry_snake, gammafunk_ghost_ooze,
          nicolae_lair_run_with_the_wolves, grunt_megastairs_2
Lair:3:   beast_lair_carwin_large_3, layout_cave_pods, swamp_mist,
          uniq_prince_ribbit2
Lair:4:   beast_lair_carwin_large_2, layout_loops_ring,
          chequers_serial_rivers_micro_d, nicolae_lair_lil_pond,
          infiniplex_staircase_pool, grunt_megastairs_4, uniq_sonja
Lair:5:   minmay_lair_end_frog_pond, layout_misc_corridors, slime_entry_1,
          minmay_lair_oklob_bushes, minmay_lair_drake_nest, uniq_josephine
Swamp:1:  layout_basic_swamp, evilmike_swamp_ruin_house_4, swamp_pool_3,
          uniq_mlioglotl
Swamp:2:  layout_basic_swamp, evilmike_swamp_ruin_rubble_1, uniq_jorgrun,
          uniq_nikola
Swamp:3:  layout_falls_marsh, nicolae_swamp_trees_clearing,
          nicolae_swamp_no_escape
Swamp:4:  swamp_old_school, layout_basic_swamp
Snake:1:  layout_basic, portal_ice_cave_entry_ugly_swarm, serial_shops,
          nicolae_shop_rolling_square, nicolae_square_shop,
          nicolae_shop_peninsula, serial_bayou, serial_bayou_lagoon_b,
          serial_bayou_lagoon_a, serial_bayou_lake_a, serial_bayou_pond_d,
          uniq_aizul
Snake:2:  layout_misc_corridors, basic_altar, serial_shops,
          nicolae_shop_window_shopping
Snake:3:  layout_chambers, serial_shops, shop
Snake:4:  snake_pit_salamanders_mu, layout_basic, serial_nicolae_subway,
          nicolae_sub_station_stone, nicolae_sub_station_metal,
          nicolae_sub_station_crystal
Slime:1:  layout_caves
Slime:2:  layout_caves, cheibrodos_slime_lost_civilization_5
Slime:3:  layout_caves
Slime:4:  layout_caves
Slime:5:  slime_pit_nicolae_amoeboid
Orc:1:    layout_caves, uniq_urug
Orc:2:    grunt_orc_community_town_hall, layout_caves,
          grunt_orc_community_big_house_1, grunt_orc_community_big_house_2,
          grunt_orc_community_house_3, grunt_orc_community_house_3,
          grunt_orc_community_house_3, grunt_orc_community_house_1,
          grunt_orc_community_house_2, grunt_orc_community_house_1
Elf:1:    layout_gridlike, nicolae_elf_shapeshifter_party
Elf:2:    elven_hall_of_blades_hangedman_alternative
          [nooodl_blade_entry_preview], layout_onion_city, basic_altar
Elf:3:    grunt_elf_hall_branching, layout_onion_city, serial_shops,
          nicolae_shop_tiny_glass, nicolae_custom_books
Vaults:1: portal_desolation_entry_nicolae_forbidding_blocks,
          nicolae_vaults_heart-shaped_vault, grunt_vaults_diagonal,
          nicolae_vaults_trapezoid_2, nicolae_vaults_good_morning_starshine,
          ontoclasm_vaults_ligature, nicolae_vaults_more_shelving_2,
          nicolae_vaults_mitosis, vaults_room_stairs_pillars,
          nicolae_vaults_hexular_roomagon, vaults_mumra_minichess_inversion,
          nicolae_vaults_closet_pinwheel_1, nicolae_vaults_variable_pillar_hall,
          layout_vaults_omnibox, serial_shops, nicolae_shop_getting_attention
Vaults:2: hangedman_vaults_pinch, nicolae_vaults_oval_intersection,
          vaults_room_door_ring, nicolae_vaults_closet_pinwheel_6,
          nicolae_vaults_swerve, nicolae_vaults_circle_grid_a, vaults_room_grid,
          grunt_vaults_trifunnel, nicolae_vaults_house_1,
          dpeg_vaults_monster_box, nicolae_vaults_whirlpool_walls,
          ontoclasm_vaults_ring_small, layout_vaults_omnicross
Vaults:3: nicolae_vaults_mush_room, nicolae_vaults_variable_pillar_hall,
          vaults_room_octagon, ontoclasm_vaults_ring_square,
          minmay_crypt_entry_simple_round, nicolae_vaults_tangram_2,
          nicolae_vaults_storage_closets_3, nicolae_vaults_shelves_hall,
          vaults_room_corners, nicolae_vaults_tetromino_T_1, v_misc_12,
          vaults_dpeg_hooks, layout_vaults_quadrants, uniq_donald
Vaults:4: nicolae_vaults_shrinking_rooms_1, v_misc_28, v_pattern_1,
          minmay_guarded_unrand_secular_launcher, ontoclasm_vaults_gateway,
          nicolae_vaults_house_1, nicolae_vaults_wine_cellar,
          nicolae_vaults_tetromino_T_2, v_misc_25, nicolae_vaults_specimen_jars,
          vaults_dpeg_spiral, vaults_room_grid, nicolae_vaults_prndl,
          nicolae_vaults_layer_cake_slice, layout_vaults_ring
Crypt:1:  layout_basic
Crypt:2:  layout_rooms
Crypt:3:  evilmike_haunted_forest
Depths:1: layout_gridlike, enter_ziggurat_c, grunt_mini_vestibule,
          nicolae_concentric_dashed_squares_wild, minivault_16,
          hangedman_decor_opposing, st_stairs_14,
          minmay_mirror_moons_of_madness, minmay_shop_grove, uniq_norris
Depths:2: minmay_chopped_fan, layout_cave_shapes, hell_entry,
          grunt_pan_entry_spiral, minmay_stone_trees_large, elyvilon_altar_1,
          infiniplex_staircase_pillars_3a, firewood_loft, uniq_bai_suzhen,
          uniq_asterion
Depths:3: nicolae_hitomezashi [nicolae_hito_row, nicolae_hito_row,
          nicolae_hito_row, nicolae_hito_row, nicolae_hito_row,
          nicolae_hito_row, nicolae_hito_row, nicolae_hito_row,
          nicolae_hito_row, nicolae_hito_row, nicolae_hito_row,
          nicolae_hito_row, nicolae_hito_row, nicolae_hito_row,
          nicolae_hito_row, nicolae_hito_row, nicolae_hito_row,
          nicolae_hito_row], layout_long_grid, columned_hall_lemuel,
          nicolae_abyss_entry_one_way_or_another, hell_entry
Depths:4: grunt_x_marks_the_spot, layout_basic,
          lightli_enter_wizlab_magi_temple, serial_shops, shop,
          abyss_entry_glasseish, minmay_misc_feat_rows, hell_entry,
          nicolae_diode_stairs, uniq_vv, uniq_boris
Hell
Zot:1:    layout_basic, grunt_ministairs_3
Zot:2:    lemuel_acid_trip, layout_concentric_octagons,
          st_single_dragon_hoard_4, hangedman_zot_decor_slant
Zot:3:    dreamdust_black_sun_cult, layout_concentric_octagons
Zot:4:    dreamdust_zin_vs_xom, layout_basic, hangedman_hellfire_club,
          uniq_grunn
Zot:5:    layout_misc_corridors, nicolae_diode_basic

Table legend: (Time is in decaauts)
 A = Elapsed time spent in this place.
 B = Non-inter-level travel time spent in this place.
 C = Inter-level travel time spent in this place.
 D = Time resting spent in this place.
 E = Time spent auto-exploring this place.
 F = Levels seen in this place.
 G = Mean time per level.
                   A        B        C        D        E       F      G
               +--------+--------+--------+--------+--------+-----+--------+
         Total |  87117 |  79806 |   7311 |  16457 |  47246 |  68 | 1281.1 |
       Dungeon |  18638 |  15780 |   2858 |    897 |  12711 |  15 | 1242.5 |
        Temple |     19 |     10 |      9 |      0 |      0 |   1 |   19.0 |
          Lair |   9777 |   8845 |    932 |   1864 |   5733 |   5 | 1955.4 |
         Swamp |   4122 |   4017 |    105 |    605 |   2727 |   4 | 1030.5 |
     Snake Pit |   8383 |   7570 |    813 |    935 |   5268 |   4 | 2095.8 |
    Slime Pits |   1878 |   1809 |     69 |    737 |    155 |   5 |  375.6 |
  Orcish Mines |   2585 |   2169 |    416 |    294 |   1419 |   2 | 1292.5 |
   Elven Halls |   6802 |   6339 |    463 |   1163 |   4019 |   3 | 2267.3 |
        Vaults |   8984 |   8660 |    324 |    617 |   6558 |   4 | 2246.0 |
         Crypt |   4925 |   4560 |    365 |    931 |   2324 |   3 | 1641.7 |
        Depths |   8079 |   7578 |    501 |   2348 |   3453 |   4 | 2019.8 |
          Hell |    112 |    112 |      0 |      7 |      0 |   1 |  112.0 |
           Zot |   9861 |   9411 |    450 |   5206 |   1654 |   5 | 1972.2 |
      Ziggurat |    833 |    833 |      0 |    463 |    190 |   8 |  104.1 |
         Trove |     44 |     44 |      0 |      0 |     20 |   1 |   44.0 |
        Bailey |    997 |    997 |      0 |    186 |    484 |   1 |  997.0 |
        Wizlab |    530 |    530 |      0 |      0 |    310 |   1 |  530.0 |
      Gauntlet |    540 |    540 |      0 |    201 |    220 |   1 |  540.0 |
               +--------+--------+--------+--------+--------+-----+--------+

Top non-repeatable levels by time:
   Zot:1: 3306 daAuts
   Zot:5: 2861 daAuts
 Snake:1: 2840 daAuts
Depths:4: 2809 daAuts
Vaults:3: 2767 daAuts
Depths:1: 2643 daAuts
Vaults:1: 2638 daAuts
   Zot:2: 2637 daAuts
 Crypt:3: 2525 daAuts
   Elf:2: 2489 daAuts
 Snake:3: 2384 daAuts
     D:9: 2340 daAuts
   Elf:3: 2329 daAuts
 Snake:4: 2270 daAuts
  Lair:2: 2152 daAuts

Table legend:
 A = Kills in this place as a percentage of kills in the entire game.
 B = Kills by you in this place as a percentage of kills by you in the entire game.
 C = Kills by friends in this place as a percentage of kills by friends in the entire game.
 D = Other kills in this place as a percentage of other kills in the entire game.
 E = Experience gained in this place as a percentage of experience gained in the entire game.
 F = Experience gained in this place divided by the number of levels of this place that you have seen.
                   A       B       C       D       E      F
               +-------+-------+-------+-------+-------+----------------------
         Total | 100.0 | 100.0 | 100.0 | 100.0 | 100.0 | 20840.9
       Dungeon |  14.1 |  17.6 |   1.9 |  16.7 |   5.3 | 4969.1
          Lair |  10.7 |  13.5 |   0.8 |  16.7 |   5.2 | 14761.6
         Swamp |   6.0 |   5.5 |   7.5 |   0.0 |   6.2 | 21939.8
     Snake Pit |   8.3 |   8.6 |   7.5 |   0.0 |   7.6 | 26985.5
    Slime Pits |   6.6 |   2.0 |  22.6 |   0.0 |   7.3 | 20695.2
  Orcish Mines |   6.2 |   8.0 |   0.0 |   0.0 |   0.9 | 6446.5
   Elven Halls |   5.2 |   5.7 |   3.2 |   0.0 |   6.6 | 31168.0
        Vaults |  11.1 |   7.9 |  22.0 |  16.7 |  14.2 | 50361.2
         Crypt |   7.6 |   8.0 |   6.2 |  16.7 |   7.8 | 36664.3
        Depths |   9.4 |   7.1 |  17.5 |   0.0 |  15.2 | 53831.8
          Hell |   1.6 |   2.0 |   0.4 |   0.0 |   1.9 | 26594.0
           Zot |   7.5 |   7.7 |   6.8 |  16.7 |  17.2 | 48809.0
      Ziggurat |   2.5 |   3.1 |   0.2 |   0.0 |   2.5 | 4477.6
        Bailey |   1.5 |   1.6 |   1.1 |   0.0 |   0.1 | 1641.0
        Wizlab |   1.2 |   0.9 |   2.3 |   0.0 |   1.7 | 23995.0
      Gauntlet |   0.6 |   0.7 |   0.0 |  16.7 |   0.3 | 4402.0
               +-------+-------+-------+-------+-------+----------------------
